Workbook
Name TypeIntervention: [1]Lists!$B$57:$B$59

Sheet M2 - Assessment tool
B1: GENDER MAINSTREAMING ASSESSMENT TOOL FOR ESOs
B2: Objective: This assessment will help you understand the level of gender mainstreaming in your organization and it will allow you to discover areas to improve! Instructions: 1) There are 16 sections in this assessment, covering 4 main organizational areas: I) staff and leadership diversity, II) gender-focused programming, financing and positioning, III) gender-inclusive venture selection, and IV) gender-sensitive program design and delivery 2) For each question there are 5 or 8 possible answers to choose from. Choose the option that is closer to your organization's situation or, if you think that none of the options is applicable to your organization, choose "Not applicable" 3) To select an answer, enter an "X" either manually or using the drop-down menu: Please, select only one answer 4) Once you have answered all the questions, move to the "M2 - Assessment results" page to see the current level of gender mainstreaming of your organization and discover areas that may need improvement Note: The word "women" is used to designate persons who identify as women, and the word "men" to designate persons who identify as men.
B4: STAFF AND LEADERSHIP DIVERSITY
B5: Section 1: Gender-balanced hiring
C8: 1.1 What proportion (%) of your organization's employees are women? | M8: delete
M9: remain split for the venture
E10: 0-15%
E11: 15-30%
E12: 30-45%
E13: 45-55%
E14: 55-70%
E15: 70-85%
E16: 85%-100%
E17: NA
C19: Question points: | E19: =IF(OR(C10="X",C16="X"),1,IF(OR(C11="X",C15="X"),2,IF(OR(C12="X",C14="X"),3,IF(C13="X",4,0)))) -> 0
C21: 1.2 What proportion (%) of your organization's top management are women?
E23: 0-15%
E24: 15-30%
E25: 30-45%
E26: 45-55%
E27: 55-70%
E28: 70-85%
E29: 85%-100%
E30: NA
C32: Question points: | E32: =IF(OR(C23="X",C29="X"),1,IF(OR(C24="X",C28="X"),2,IF(OR(C25="X",C27="X"),3,IF(C26="X",4,0)))) -> 0
C34: 1.3 Does your organization actively try to recruit employees of the gender that is under-represented in your team?
E36: We do not make any specific effort to ensure equal gender representation in our team, nor have objectives to do so
E37: We would like to improve equal gender representation in our team but we do not have specific initiatives to ensure that. Our recruiting materials are designed to communicate to candidates of all genders (e.g. text and visuals refer to both men and women)
E38: We actively search for candidates of the under-represented gender by promoting opportunities in a way that is appealing to them (e.g. by putting forward elements that candidates of the under-represented gender typically value, e.g. for women mentioning working environment, flexibility, benefits for working mothers, etc.)
E39: We have a robust process to find candidates of the under-represented gender (e.g. hosting recruiting events targeting candidates of the under-represented gender, promoting positions through non-traditional channels, expanding our pool of candidates to non-traditional profiles), attract them (e.g. pitch adjusted to what candidates of the under-represented gender value) and support them in the recruiting process
E40: NA
C42: Question points: | E42: =IF(C36="X",1,IF(C37="X",2,IF(C38="X",3,IF(C39="X",4,0)))) -> 0
C44: 1.4 Does your organization actively try to recruit managers of the gender that is under-represented in top management?
E46: We do not make any specific effort to ensure equal gender representation in top management positions, nor have objectives to do so
E47: We would like to improve equal gender representation in our team but we do not have specific initiatives to ensure that. Our recruiting materials are designed to communicate to candidates of all genders (e.g. text and visuals refer to both men and women)
E48: We actively search for candidates of the under-represented gender to fill top management by promoting opportunities in a way that is appealing to them (e.g. by putting forward elements that candidates of the under-represented gender typically value, e.g. for women mentioning working environment, flexibility, benefits for working mothers, etc.)
E49: We have a robust process to find candidates of the under-represented gender (e.g. hosting recruiting events targeting candidates of the under-represented gender, promoting positions through non-traditional channels, expanding our pool of candidates to non-traditional profiles), attract them (e.g. pitch adjusted to what candidates of the under-represented gender value) and support them in the recruiting process
E50: NA
C52: Question points: | E52: =IF(C46="X",1,IF(C47="X",2,IF(C48="X",3,IF(C49="X",4,0)))) -> 0
C54: 1.5 Does your organization have processes in place to ensure that you give equal opportunities to candidates of all genders as a recruiter?
E56: We do not have processes in place to ensure equal opportunities in our recruiting process
E57: We are mindful of biases and try to be fair in our recruiting process
E58: We have several initiatives to ensure that candidates are given equal opportunities in our recruiting process. We use blind CVs (i.e. removing name, photo) and our recruiters have gone through an unconscious bias training
E59: We have several initiatives to ensure that candidates are given equal opportunities in our recruiting process. We use blind CVs, our recruiters have gone through an unconscious bias training, and we have a process in which shortlisted candidates are discussed by a gender-diverse committee
E60: NA
C62: Question points: | E62: =IF(C56="X",1,IF(C57="X",2,IF(C58="X",3,IF(C59="X",4,0)))) -> 0
B64: STAFF AND LEADERSHIP DIVERSITY
C65: Section 2: Gender-balanced promotion and retention
C68: 2.1 On average, do employees of all genders progress on their career at the same pace in your organization?
E70: We do not measure the pace of career progression so it is hard to tell
E71: Employees of a certain gender tend to be promoted more slowly than their counterparts
E72: Employees of all genders progress similarly, until top management positions, where a employees of a certain gender often take the lead
E73: We frequently measure and address the pace of career progression by gender and we know employees of all genders progress at the same pace in our organization
E74: NA
C76: Question points: | E76: =IF(C70="X",1,IF(C71="X",2,IF(C72="X",3,IF(C73="X",4,0)))) -> 0
C78: 2.2 Does your organization actively try to promote employees of the gender that is under-represented in top management positions?
E80: We do not make any specific effort to ensure equal gender representation in top management positions, nor have objectives to do so
E81: We would like to improve equal gender representation in top management positions but we do not have specific initiatives to ensure that
E82: We actively try to promote employees of the under-represented gender in top management positions (e.g. prioritize candidates of the under-represented gender)
E83: We have a robust process to encourage and facilitate the promotion of employees of the under-represented gender in top management positions (e.g. allow for flexibility, objective promotions policies)
E84: NA
C86: Question points: | E86: =IF(C80="X",1,IF(C81="X",2,IF(C82="X",3,IF(C83="X",4,0)))) -> 0
B88: STAFF AND LEADERSHIP DIVERSITY
C89: Section 3: Gender-sensitive HR policies and practices
C92: 3.1 Does your organization provide the same salary for employees of all genders at the same level of responsibility?
E94: Salaries are negotiated on a case by case basis, regardless of gender
E95: Most of our employees in the same position have the same salary regardless of gender
E96: We have a process in place to ensure that employees at the same level have the same salary, regardless of gender, but this is mostly valid for junior employees
E97: Yes, we have a process in place to ensure that employees at the same level have the same salary, regardless of gender, at every level of the organization
E98: NA
C100: Question points: | E100: =IF(C94="X",1,IF(C95="X",2,IF(C96="X",3,IF(C97="X",4,0)))) -> 0
C102: 3.2 Does your organization provide transparency on salary levels and gender pay gap ratio?
E104: We have no transparency on salary levels and gender pay gap ratio of employees
E105: We have some transparency on salary levels and gender pay gap ratio but not disaggregated by gender
E106: We have transparency on salary levels and gender pay gap ratio, with salaries disaggregated by gender
E107: We have transparency on salary levels and gender pay gap ratio, with salaries disaggregated by gender, and we discuss salary policies with our team to ensure that there is no discrimination based on gender (or perception thereof)
E108: NA
C110: Question points: | E110: =IF(C104="X",1,IF(C105="X",2,IF(C106="X",3,IF(C107="X",4,0)))) -> 0
C112: 3.3 Does your organization ensure clear and objective criteria for salary increases and promotions, taking into account differences between gender in approaching these discussions/ negotiations?
E114: We treat everyone the same way, without objective criteria or taking into account gender dynamics
E115: We are aware of gender dynamics (e.g. that women tend to be less aggressive in their salary demands), but do not actively create awareness about these dynamics or counteract it with objective criteria for increases
E116: We are transparent about what level of salary can be expected for various levels of responsibility, and we encourage our high-performing employees to assert their demands more forcefully should they not already do so
E117: We are transparent about what level of salary can be expected for various levels of responsibility, and we offer salary increases based on objective, well defined criteria. Salary increases are discussed in a gender-diverse committee. If applicable, employees (especially women) are made aware of their tendency to be less vocal about their demands
E118: NA
C120: Question points: | E120: =IF(C114="X",1,IF(C115="X",2,IF(C116="X",3,IF(C117="X",4,0)))) -> 0
C122: 3.4 Does your organization deliver feedback in a gender-differentiated way based on gender-related specific needs and preferences?
E124: We give feedback in the same way to men and women, not taking into account gender-related specific needs and preferences
E125: We are aware that different gender-related needs and preferences exist (e.g. women tend to take negative feedback more personally than men), but we do not actively address this issue
E126: Some supervisors try to adapt their feedback approach based on the employees' gender (e.g. by being mindful of how some women tend to take negative feedback more personally)
E127: All our supervisors are trained to deliver feedback in a gender-differentiated way, depending on the employees' gender (e.g. using strength-focused feedback with more unsecure employees)
E128: NA
C130: Question points: | E130: =IF(C124="X",1,IF(C125="X",2,IF(C126="X",3,IF(C127="X",4,0)))) -> 0
C132: 3.5 Does your organization provide working conditions that take into account the specific needs of (expecting) parents and caregivers?
E134: (Expecting) parents and caregivers are treated like everyone else
E135: We try to be flexible about working hours and location to accommodate (expecting) parents and caregivers, but it is not systematic
E136: We systematically offer flexibility for (expecting) parents and caregivers. Employees can work part-time, work remotely, and follow flexible working hours
E137: We have robust initiatives to facilitate working conditions for (expecting) parents and caregivers in addition to part-time work, remote work, and flexible working hours. For example, we offer breastfeeding rooms, on-site day care, additional personal time off for caregiving responsibilities, etc.
E138: NA
C140: Question points: | E140: =IF(C134="X",1,IF(C135="X",2,IF(C136="X",3,IF(C137="X",4,0)))) -> 0
C142: 3.6 Does your organization have a paid parental leave policy?
...

Sheet Assessment answers
B2: ANSWERS
B3: X
B5: RANGES FOR AVERAGE
A6: Sub-section | B6: Section 1 | C6: =IF(B6=0,"NA",B6) -> Section 1
A7: 1.1 | B7: ='M2 - Assessment tool'!E19 -> 0 | C7: =IF(B7=0,"NA",B7) -> NA
A8: 1.2 | B8: ='M2 - Assessment tool'!E32 -> 0 | C8: =IF(B8=0,"NA",B8) -> NA
A9: 1.3 | B9: ='M2 - Assessment tool'!E42 -> 0 | C9: =IF(B9=0,"NA",B9) -> NA
A10: 1.4 | B10: ='M2 - Assessment tool'!E52 -> 0 | C10: =IF(B10=0,"NA",B10) -> NA
A11: 1.5 | B11: ='M2 - Assessment tool'!E62 -> 0 | C11: =IF(B11=0,"NA",B11) -> NA
A12: - | B12: Section 2 | C12: =IF(B12=0,"NA",B12) -> Section 2
A13: 2.1 | B13: ='M2 - Assessment tool'!E76 -> 0 | C13: =IF(B13=0,"NA",B13) -> NA
A14: 2.2 | B14: ='M2 - Assessment tool'!E86 -> 0 | C14: =IF(B14=0,"NA",B14) -> NA
A15: - | B15: Section 3 | C15: =IF(B15=0,"NA",B15) -> Section 3
A16: 3.1 | B16: ='M2 - Assessment tool'!E100 -> 0 | C16: =IF(B16=0,"NA",B16) -> NA
A17: 3.2 | B17: ='M2 - Assessment tool'!E110 -> 0 | C17: =IF(B17=0,"NA",B17) -> NA
A18: 3.3 | B18: ='M2 - Assessment tool'!E120 -> 0 | C18: =IF(B18=0,"NA",B18) -> NA
A19: 3.4 | B19: ='M2 - Assessment tool'!E130 -> 0 | C19: =IF(B19=0,"NA",B19) -> NA
A20: 3.5 | B20: ='M2 - Assessment tool'!E140 -> 0 | C20: =IF(B20=0,"NA",B20) -> NA
A21: 3.6 | B21: ='M2 - Assessment tool'!E150 -> 0 | C21: =IF(B21=0,"NA",B21) -> NA
A22: 3.7 | B22: ='M2 - Assessment tool'!E160 -> 0 | C22: =IF(B22=0,"NA",B22) -> NA
A23: 3.8 | B23: ='M2 - Assessment tool'!E170 -> 0 | C23: =IF(B23=0,"NA",B23) -> NA
A24: - | B24: Section 4 | C24: =IF(B24=0,"NA",B24) -> Section 4
A25: 4.1 | B25: ='M2 - Assessment tool'!E187 -> 0 | C25: =IF(B25=0,"NA",B25) -> NA
A26: 4.2 | B26: ='M2 - Assessment tool'!E197 -> 0 | C26: =IF(B26=0,"NA",B26) -> NA
A27: - | B27: Section 5 | C27: =IF(B27=0,"NA",B27) -> Section 5
A28: 5.1 | B28: ='M2 - Assessment tool'!E211 -> 0 | C28: =IF(B28=0,"NA",B28) -> NA
B29: Section 6 | C29: =IF(B29=0,"NA",B29) -> Section 6
A30: 6.1 | B30: ='M2 - Assessment tool'!E225 -> 0 | C30: =IF(B30=0,"NA",B30) -> NA
A31: 6.2 | B31: ='M2 - Assessment tool'!E235 -> 0 | C31: =IF(B31=0,"NA",B31) -> NA
A32: 6.3 | B32: ='M2 - Assessment tool'!E245 -> 0 | C32: =IF(B32=0,"NA",B32) -> NA
B33: Section 7 | C33: =IF(B33=0,"NA",B33) -> Section 7
A34: 7.1 | B34: ='M2 - Assessment tool'!E259 -> 0 | C34: =IF(B34=0,"NA",B34) -> NA
A35: 7.2 | B35: ='M2 - Assessment tool'!E269 -> 0 | C35: =IF(B35=0,"NA",B35) -> NA
B36: Section 8 | C36: =IF(B36=0,"NA",B36) -> Section 8
A37: 8.1 | B37: ='M2 - Assessment tool'!E283 -> 0 | C37: =IF(B37=0,"NA",B37) -> NA
A38: 8.2 | B38: ='M2 - Assessment tool'!E293 -> 0 | C38: =IF(B38=0,"NA",B38) -> NA
B39: Section 9 | C39: =IF(B39=0,"NA",B39) -> Section 9
A40: 9.1 | B40: ='M2 - Assessment tool'!E307 -> 0 | C40: =IF(B40=0,"NA",B40) -> NA
A41: 9.2 | B41: ='M2 - Assessment tool'!E320 -> 0 | C41: =IF(B41=0,"NA",B41) -> NA
A42: 9.3 | B42: ='M2 - Assessment tool'!E330 -> 0 | C42: =IF(B42=0,"NA",B42) -> NA
B43: Section 10 | C43: =IF(B43=0,"NA",B43) -> Section 10
A44: 10.1 | B44: ='M2 - Assessment tool'!E344 -> 0 | C44: =IF(B44=0,"NA",B44) -> NA
A45: - | B45: Section 11 | C45: Section 11
A46: 11.1 | B46: ='M2 - Assessment tool'!E358 -> 0 | C46: =IF(B46=0,"NA",B46) -> NA
A47: 11.2 | B47: ='M2 - Assessment tool'!E368 -> 0 | C47: =IF(B47=0,"NA",B47) -> NA
B48: Section 12 | C48: Section 12
A49: 12.1 | B49: ='M2 - Assessment tool'!E382 -> 0 | C49: =IF(B49=0,"NA",B49) -> NA
A50: 12.2 | B50: ='M2 - Assessment tool'!E395 -> 0 | C50: =IF(B50=0,"NA",B50) -> NA
A51: 12.3 | B51: ='M2 - Assessment tool'!E405 -> 0 | C51: =IF(B51=0,"NA",B51) -> NA
A52: 12.4 | B52: ='M2 - Assessment tool'!E418 -> 0 | C52: =IF(B52=0,"NA",B52) -> NA
B53: Section 13 | C53: Section 13
A54: 13.1 | B54: ='M2 - Assessment tool'!E432 -> 0 | C54: =IF(B54=0,"NA",B54) -> NA
A55: 13.2 | B55: ='M2 - Assessment tool'!E442 -> 0 | C55: =IF(B55=0,"NA",B55) -> NA
A56: 13.3 | B56: ='M2 - Assessment tool'!E452 -> 0 | C56: =IF(B56=0,"NA",B56) -> NA
B57: Section 14 | C57: Section 14
A58: 14.1 | B58: ='M2 - Assessment tool'!E466 -> 0 | C58: =IF(B58=0,"NA",B58) -> NA
A59: 14.2 | B59: ='M2 - Assessment tool'!E476 -> 0 | C59: =IF(B59=0,"NA",B59) -> NA
B60: Section 15 | C60: Section 15
A61: 15.1 | B61: ='M2 - Assessment tool'!E490 -> 0 | C61: =IF(B61=0,"NA",B61) -> NA
B62: Section 16 | C62: Section 16
A63: 16.1 | B63: ='M2 - Assessment tool'!E504 -> 0 | C63: =IF(B63=0,"NA",B63) -> NA
A64: 16.2 | B64: ='M2 - Assessment tool'!E514 -> 0 | C64: =IF(B64=0,"NA",B64) -> NA
A65: 16.3 | B65: ='M2 - Assessment tool'!E524 -> 0 | C65: =IF(B65=0,"NA",B65) -> NA

Sheet M2 - Assessment results
B1: RESULTS TABLE
B2: Instructions to read your results: 1) You have one result per section and one total result, that is the average of your scores in every section. The scale goes from 1 (low) to 4 (high) 2) Now that you have your results, move to the "M2 - Idea prioritization" page to see all potential gender mainstreaming initiatives to be implemented in your organization and prioritize them 3) You can also move to the "M2 - Library of resources" page for more ideas on how to improve gender mainstreaming in your organization.
B4: Area | D4: Section | E4: Result
B5: Staff and leadership diversity | D5: ='M2 - Assessment tool'!B5 -> Section 1: Gender-balanced hiring | E5: =IFERROR(AVERAGEIF('Assessment answers'!B7:B11,"<>0"),"NA") -> NA
D6: ='M2 - Assessment tool'!C65 -> Section 2: Gender-balanced promotion and retention | E6: =IFERROR(AVERAGEIF('Assessment answers'!B13:B14,"<>0"),"NA") -> NA
D7: ='M2 - Assessment tool'!C89 -> Section 3: Gender-sensitive HR policies and practices | E7: =IFERROR(AVERAGEIF('Assessment answers'!B16:B23,"<>0"),"NA") -> NA
D8: ='M2 - Assessment tool'!C173 -> Section 4: Board of Advisors' diversity | E8: =IFERROR(AVERAGEIF('Assessment answers'!B25:B26,"<>0"),"NA") -> NA
D9: ='M2 - Assessment tool'!C200 -> Section 5: Gender-related internal target setting and reporting | E9: =IFERROR(AVERAGEIF('Assessment answers'!B28,"<>0"),"NA") -> NA
B10: Gender-focused programming, financing and positioning | D10: ='M2 - Assessment tool'!C214 -> Section 6: Gender-inclusive strategic focus/positioning | E10: =IFERROR(AVERAGEIF('Assessment answers'!B30:B32,"<>0"),"NA") -> NA
D11: ='M2 - Assessment tool'!C248 -> Section 7: Gender-focused fundraising | E11: =IFERROR(AVERAGEIF('Assessment answers'!B34:B35,"<>0"),"NA") -> NA
D12: ='M2 - Assessment tool'!C272 -> Section 8: Gender-related target setting and reporting to funders | E12: =IFERROR(AVERAGEIF('Assessment answers'!B37:B38,"<>0"),"NA") -> NA
B13: Gender-inclusive venture selection | D13: ='M2 - Assessment tool'!C296 -> Section 9: Gender-inclusive pipeline identification | E13: =IFERROR(AVERAGEIF('Assessment answers'!B40:B42,"<>0"),"NA") -> NA
D14: ='M2 - Assessment tool'!C333 -> Section 10: Gender-inclusive pipeline pre-selection | E14: =IFERROR(AVERAGEIF('Assessment answers'!B44,"<>0"),"NA") -> NA
D15: ='M2 - Assessment tool'!C347 -> Section 11: Gender-sensitive due diligence | E15: =IFERROR(AVERAGEIF('Assessment answers'!B46:B47,"<>0"),"NA") -> NA
D16: ='M2 - Assessment tool'!C371 -> Section 12: Gender-sensitive venture selection | E16: =IFERROR(AVERAGEIF('Assessment answers'!B49:B52,"<>0"),"NA") -> NA
B17: Gender-sensitive program design and delivery | D17: ='M2 - Assessment tool'!C421 -> Section 13: Gender-sensitive program content design | E17: =IFERROR(AVERAGEIF('Assessment answers'!B54:B56,"<>0"),"NA") -> NA
D18: ='M2 - Assessment tool'!C455 -> Section 14: Gender-sensitive program delivery approach | E18: =IFERROR(AVERAGEIF('Assessment answers'!B58:B59,"<>0"),"NA") -> NA
D19: ='M2 - Assessment tool'!C479 -> Section 15: Gender-balanced program delivery team | E19: =IFERROR(AVERAGEIF('Assessment answers'!B61,"<>0"),"NA") -> NA
D20: ='M2 - Assessment tool'!C493 -> Section 16: Gender-related program target setting and reporting | E20: =IFERROR(AVERAGEIF('Assessment answers'!B63:B65,"<>0"),"NA") -> NA
D21: Total | E21: =IFERROR(AVERAGEIF(E5:E20,"<>0"),"NA") -> NA

Sheet M2 - Idea prioritization
D1: IDEA PRIORITIZATION TEMPLATE
D2: Objective: Identify the areas requiring immediate attention in terms of gender mainstreaming. Instructions: 1) Review your results for each question of the assessment tool in Column D. The score can be low, below average or high. Questions that did not apply to your organization appear as "non applicable". 2) For low and below-average scores, examine the related gaps and potential solutions for your organization. 3) Once you have read them all, assess their business impact, social impact and feasibility. The assessment can be low, medium or high. 4) Identify the areas that have a higher prioritization level in column K. High priority shows in dark green, middle priority in orange and low priority in red. 5) In column L, explain how you rated the initiative (in terms of business impact, social impact, and feasibility), and why you chose to prioritize—or not prioritize—the initiative. For example, clarify why you did not prioritize initiatives in areas where you have significant gaps, outlining factors such as limitations due to your specific organizational context, high costs, complexity, etc. Note: The word "women" is used to designate persons who identify as women, and the word "men" to designate persons who identify as men. Column M is for LeFil's use.
B4: Question | C4: Score | D4: Assessment result | E4: Opportunity area | F4: Description of the gap | G4: Description of the solution | H4: Business impact: increase in revenues, reduction of costs, helps with fundraising, etc. | I4: Social impact: promotion of gender equality and equity | J4: Feasibility | K4: Prioritization score | L4: Please explain your rating and why you chose to prioritize - or not prioritize - the initiative | M4: Remarks from LeFil prior workshop
B5: 1.1 What proportion (%) of your organization's employees are women? | C5: ='Assessment answers'!B7 -> 0 | D5: =IF(C5>=3,"Your scored well in this area. Focus your efforts on other problem areas.",IF(AND(C5<3,C5>=2),"You scored below average in this area. We suggest you work on this problem area. Please fill in columns H-J",IF(AND(C5<2,C5>0),"You scored low in this area. We strongly suggest you work on this problem area. Please fill in columns H-J",IF(C5=0,"This area is not applicable for your venture.","")))) -> This area is not applicable for your venture. | E5: 1. Gender-balanced hiring | F5: One gender is under-represented in the team | G5: Create a robust process to find candidates of the under-represented gender in the team (e.g. hosting recruiting events targeting candidates of the under-represented gender, promoting positions through non-traditional channels, expanding the pool of candidates to non-traditional profiles), attract them (e.g. pitch adjusted to what candidates of the under-represented gender value) and support them in the recruiting process | K5: =IFERROR(VLOOKUP($I5,'Idea prioritization list'!$D$1:$E$3,2,0),0)+IFERROR(VLOOKUP($H5,'Idea prioritization list'!$D$1:$E$3,2,0),0)+IFERROR(VLOOKUP($J5,'Idea prioritization list'!$D$1:$E$3,2,0),0) -> 0
B6: 1.2 What proportion (%) of your organization's top management are women? | C6: ='Assessment answers'!B8 -> 0 | D6: =IF(C6>=3,"Your scored well in this area. Focus your efforts on other problem areas.",IF(AND(C6<3,C6>=2),"You scored below average in this area. We suggest you work on this problem area. Please fill in columns H-J",IF(AND(C6<2,C6>0),"You scored low in this area. We strongly suggest you work on this problem area. Please fill in columns H-J",IF(C6=0,"This area is not applicable for your venture.","")))) -> This area is not applicable for your venture. | E6: 1. Gender-balanced hiring | F6: One gender is under-represented in the leadership team | G6: Create a robust process to find candidates of the under-represented gender for the leadership team (e.g. hosting recruiting events targeting candidates of the under-represented gender, promoting positions through non-traditional channels, expanding the pool of candidates to non-traditional profiles), attract them (e.g. pitch adjusted to what candidates of the under-represented gender value) and support them in the recruiting process | K6: =IFERROR(VLOOKUP($I6,'Idea prioritization list'!$D$1:$E$3,2,0),0)+IFERROR(VLOOKUP($H6,'Idea prioritization list'!$D$1:$E$3,2,0),0)+IFERROR(VLOOKUP($J6,'Idea prioritization list'!$D$1:$E$3,2,0),0) -> 0
B7: 1.3 Does your organization actively try to recruit employees of the gender that is under-represented in your team? | C7: ='Assessment answers'!B9 -> 0 | D7: =IF(C7>=3,"Your scored well in this area. Focus your efforts on other problem areas.",IF(AND(C7<3,C7>=2),"You scored below average in this area. We suggest you work on this problem area. Please fill in columns H-J",IF(AND(C7<2,C7>0),"You scored low in this area. We strongly suggest you work on this problem area. Please fill in columns H-J",IF(C7=0,"This area is not applicable for your venture.","")))) -> This area is not applicable for your venture. | E7: 1. Gender-balanced hiring | F7: The organization does not try to recruit employees of the gender that is under-represented in the team | G7: Create a robust process to find candidates of the under-represented gender in the team (e.g. hosting recruiting events targeting candidates of the under-represented gender, promoting positions through non-traditional channels, expanding the pool of candidates to non-traditional profiles), attract them (e.g. pitch adjusted to what candidates of the under-represented gender value) and support them in the recruiting process | K7: =IFERROR(VLOOKUP($I7,'Idea prioritization list'!$D$1:$E$3,2,0),0)+IFERROR(VLOOKUP($H7,'Idea prioritization list'!$D$1:$E$3,2,0),0)+IFERROR(VLOOKUP($J7,'Idea prioritization list'!$D$1:$E$3,2,0),0) -> 0
B8: 1.4 Does your organization actively try to recruit managers of the gender that is under-represented in top management? | C8: ='Assessment answers'!B10 -> 0 | D8: =IF(C8>=3,"Your scored well in this area. Focus your efforts on other problem areas.",IF(AND(C8<3,C8>=2),"You scored below average in this area. We suggest you work on this problem area. Please fill in columns H-J",IF(AND(C8<2,C8>0),"You scored low in this area. We strongly suggest you work on this problem area. Please fill in columns H-J",IF(C8=0,"This area is not applicable for your venture.","")))) -> This area is not applicable for your venture. | E8: 1. Gender-balanced hiring | F8: The organization does not try to recruit managers of the gender that is under-represented in top management positions | G8: Create a robust process to find candidates of the under-represented gender for top management positions (e.g. hosting recruiting events targeting candidates of the under-represented gender, promoting positions through non-traditional channels, expanding the pool of candidates to non-traditional profiles), attract them (e.g. pitch adjusted to what candidates of the under-represented gender value) and support them in the recruiting process | K8: =IFERROR(VLOOKUP($I8,'Idea prioritization list'!$D$1:$E$3,2,0),0)+IFERROR(VLOOKUP($H8,'Idea prioritization list'!$D$1:$E$3,2,0),0)+IFERROR(VLOOKUP($J8,'Idea prioritization list'!$D$1:$E$3,2,0),0) -> 0
B9: 1.5 Does your organization have processes in place to ensure that you give equal opportunities to candidates of all genders as a recruiter? | C9: ='Assessment answers'!B11 -> 0 | D9: =IF(C9>=3,"Your scored well in this area. Focus your efforts on other problem areas.",IF(AND(C9<3,C9>=2),"You scored below average in this area. We suggest you work on this problem area. Please fill in columns H-J",IF(AND(C9<2,C9>0),"You scored low in this area. We strongly suggest you work on this problem area. Please fill in columns H-J",IF(C9=0,"This area is not applicable for your venture.","")))) -> This area is not applicable for your venture. | E9: 1. Gender-balanced hiring | F9: The organization does not have processes in place to ensure equal opportunities to candidates of all genders as a recruiter | G9: Design initiatives to ensure that candidates are given equal opportunities in the recruiting process. Use blind CVs, train the recruiters on unconscious bias, and create a process in which shortlisted candidates are discussed by a gender-diverse committee | K9: =IFERROR(VLOOKUP($I9,'Idea prioritization list'!$D$1:$E$3,2,0),0)+IFERROR(VLOOKUP($H9,'Idea prioritization list'!$D$1:$E$3,2,0),0)+IFERROR(VLOOKUP($J9,'Idea prioritization list'!$D$1:$E$3,2,0),0) -> 0
B10: 2.1 On average, do employees of all genders progress on their career at the same pace in your organization? | C10: ='Assessment answers'!B13 -> 0 | D10: =IF(C10>=3,"Your scored well in this area. Focus your efforts on other problem areas.",IF(AND(C10<3,C10>=2),"You scored below average in this area. We suggest you work on this problem area. Please fill in columns H-J",IF(AND(C10<2,C10>0),"You scored low in this area. We strongly suggest you work on this problem area. Please fill in columns H-J",IF(C10=0,"This area is not applicable for your venture.","")))) -> This area is not applicable for your venture. | E10: 2. Gender-balanced promotion and retention | F10: The organization does not measure the pace of career progression | G10: Measure and address frequently the pace of career progression by gender and ensure that all employees of all genders progress at the same pace | K10: =IFERROR(VLOOKUP($I10,'Idea prioritization list'!$D$1:$E$3,2,0),0)+IFERROR(VLOOKUP($H10,'Idea prioritization list'!$D$1:$E$3,2,0),0)+IFERROR(VLOOKUP($J10,'Idea prioritization list'!$D$1:$E$3,2,0),0) -> 0
B11: 2.2 Does your organization actively try to promote employees of the gender that is under-represented in top management positions? | C11: ='Assessment answers'!B14 -> 0 | D11: =IF(C11>=3,"Your scored well in this area. Focus your efforts on other problem areas.",IF(AND(C11<3,C11>=2),"You scored below average in this area. We suggest you work on this problem area. Please fill in columns H-J",IF(AND(C11<2,C11>0),"You scored low in this area. We strongly suggest you work on this problem area. Please fill in columns H-J",IF(C11=0,"This area is not applicable for your venture.","")))) -> This area is not applicable for your venture. | E11: 2. Gender-balanced promotion and retention | F11: The organization does not do any specific effort to ensure equal gender representation in top management positions, nor has objectives to do so | G11: Create a robust process to encourage and facilitate the promotion of employees of the under-represented gender in top management positions (e.g. allow for flexibility, objective promotions policies) | K11: =IFERROR(VLOOKUP($I11,'Idea prioritization list'!$D$1:$E$3,2,0),0)+IFERROR(VLOOKUP($H11,'Idea prioritization list'!$D$1:$E$3,2,0),0)+IFERROR(VLOOKUP($J11,'Idea prioritization list'!$D$1:$E$3,2,0),0) -> 0
B12: 3.1 Does your organization provide the same salary for employees of all genders at the same level of responsibility? | C12: ='Assessment answers'!B16 -> 0 | D12: =IF(C12>=3,"Your scored well in this area. Focus your efforts on other problem areas.",IF(AND(C12<3,C12>=2),"You scored below average in this area. We suggest you work on this problem area. Please fill in columns H-J",IF(AND(C12<2,C12>0),"You scored low in this area. We strongly suggest you work on this problem area. Please fill in columns H-J",IF(C12=0,"This area is not applicable for your venture.","")))) -> This area is not applicable for your venture. | E12: 3. Gender sensitive HR policies and practices | F12: Salaries are negotiated on a case by case basis, regardless of gender | G12: Create a process to ensure that employees at equivalent level of responsibility have the same salary regardless of gender, at every level of the organization | K12: =IFERROR(VLOOKUP($I12,'Idea prioritization list'!$D$1:$E$3,2,0),0)+IFERROR(VLOOKUP($H12,'Idea prioritization list'!$D$1:$E$3,2,0),0)+IFERROR(VLOOKUP($J12,'Idea prioritization list'!$D$1:$E$3,2,0),0) -> 0
B13: 3.2 Does your organization provide transparency on salary levels and gender pay gap ratio? | C13: ='Assessment answers'!B17 -> 0 | D13: =IF(C13>=3,"Your scored well in this area. Focus your efforts on other problem areas.",IF(AND(C13<3,C13>=2),"You scored below average in this area. We suggest you work on this problem area. Please fill in columns H-J",IF(AND(C13<2,C13>0),"You scored low in this area. We strongly suggest you work on this problem area. Please fill in columns H-J",IF(C13=0,"This area is not applicable for your venture.","")))) -> This area is not applicable for your venture. | E13: 3. Gender sensitive HR policies and practices | F13: There is no transparency on the salary levels of employees | G13: Communicate transparently on salary levels, disaggregated by gender, and discuss salary policies with the team to ensure that there is no discrimination based on gender (or perception thereof) | K13: =IFERROR(VLOOKUP($I13,'Idea prioritization list'!$D$1:$E$3,2,0),0)+IFERROR(VLOOKUP($H13,'Idea prioritization list'!$D$1:$E$3,2,0),0)+IFERROR(VLOOKUP($J13,'Idea prioritization list'!$D$1:$E$3,2,0),0) -> 0
B14: 3.3 Does your organization ensure clear and objective criteria for salary increases and promotions, taking into account differences between gender in approaching these discussions/ negotiations? | C14: ='Assessment answers'!B18 -> 0 | D14: =IF(C14>=3,"Your scored well in this area. Focus your efforts on other problem areas.",IF(AND(C14<3,C14>=2),"You scored below average in this area. We suggest you work on this problem area. Please fill in columns H-J",IF(AND(C14<2,C14>0),"You scored low in this area. We strongly suggest you work on this problem area. Please fill in columns H-J",IF(C14=0,"This area is not applicable for your venture.","")))) -> This area is not applicable for your venture. | E14: 3. Gender sensitive HR policies and practices | F14: There are no clear and objective criteria for salary increases and promotions taking into account gender dynamics | G14: Communicate transparently about what level of salary can be expected for various levels of responsibility, and offer salary increases based on objective, well-defined criteria. Salary increases are discussed in a gender-diverse committee. If applicable, employees (especially women) are made aware of their tendency to be less vocal about their demands | K14: =IFERROR(VLOOKUP($I14,'Idea prioritization list'!$D$1:$E$3,2,0),0)+IFERROR(VLOOKUP($H14,'Idea prioritization list'!$D$1:$E$3,2,0),0)+IFERROR(VLOOKUP($J14,'Idea prioritization list'!$D$1:$E$3,2,0),0) -> 0
B15: 3.4 Does your organization deliver feedback in a gender-differentiated way based on gender-related specific needs and preferences? | C15: ='Assessment answers'!B19 -> 0 | D15: =IF(C15>=3,"Your scored well in this area. Focus your efforts on other problem areas.",IF(AND(C15<3,C15>=2),"You scored below average in this area. We suggest you work on this problem area. Please fill in columns H-J",IF(AND(C15<2,C15>0),"You scored low in this area. We strongly suggest you work on this problem area. Please fill in columns H-J",IF(C15=0,"This area is not applicable for your venture.","")))) -> This area is not applicable for your venture. | E15: 3. Gender sensitive HR policies and practices | F15: Feedback is given in the same way to men and women, not taking into account gender-related specific needs and preferences | G15: All supervisors are trained to deliver feedback in a gender-differentiated way, depending on the employees' gender (e.g. using strength-focused feedback with more unsecure employees) | K15: =IFERROR(VLOOKUP($I15,'Idea prioritization list'!$D$1:$E$3,2,0),0)+IFERROR(VLOOKUP($H15,'Idea prioritization list'!$D$1:$E$3,2,0),0)+IFERROR(VLOOKUP($J15,'Idea prioritization list'!$D$1:$E$3,2,0),0) -> 0
B16: 3.5 Does your organization provide working conditions that take into account the specific needs of (expecting) parents and caregivers? | C16: ='Assessment answers'!B20 -> 0 | D16: =IF(C16>=3,"Your scored well in this area. Focus your efforts on other problem areas.",IF(AND(C16<3,C16>=2),"You scored below average in this area. We suggest you work on this problem area. Please fill in columns H-J",IF(AND(C16<2,C16>0),"You scored low in this area. We strongly suggest you work on this problem area. Please fill in columns H-J",IF(C16=0,"This area is not applicable for your venture.","")))) -> This area is not applicable for your venture. | E16: 3. Gender sensitive HR policies and practices | F16: (Expecting) parents and caregivers have the same working conditions as everyone else | G16: Create robust initiatives to facilitate working conditions for (expecting) parents and caregivers in addition to part-time work, remote work, and flexible working hours. For example, offer breastfeeding rooms, on-site day care, additional personal time off for caregiving responsibilities, etc. | K16: =IFERROR(VLOOKUP($I16,'Idea prioritization list'!$D$1:$E$3,2,0),0)+IFERROR(VLOOKUP($H16,'Idea prioritization list'!$D$1:$E$3,2,0),0)+IFERROR(VLOOKUP($J16,'Idea prioritization list'!$D$1:$E$3,2,0),0) -> 0
B17: 3.6 Does your organization have a paid parental leave policy? | C17: ='Assessment answers'!B21 -> 0 | D17: =IF(C17>=3,"Your scored well in this area. Focus your efforts on other problem areas.",IF(AND(C17<3,C17>=2),"You scored below average in this area. We suggest you work on this problem area. Please fill in columns H-J",IF(AND(C17<2,C17>0),"You scored low in this area. We strongly suggest you work on this problem area. Please fill in columns H-J",IF(C17=0,"This area is not applicable for your venture.","")))) -> This area is not applicable for your venture. | E17: 3. Gender sensitive HR policies and practices | F17: The organization only offers unpaid maternity leave for new mothers | G17: Provide paid parental leave that goes beyond what is mandated by law (i.e. for a longer period and/or at a higher pay), with equal conditions for both biological and non-biological mothers and fathers, and actively encourage fathers to take advantage of such policy to the same extent as mothers | K17: =IFERROR(VLOOKUP($I17,'Idea prioritization list'!$D$1:$E$3,2,0),0)+IFERROR(VLOOKUP($H17,'Idea prioritization list'!$D$1:$E$3,2,0),0)+IFERROR(VLOOKUP($J17,'Idea prioritization list'!$D$1:$E$3,2,0),0) -> 0
B18: 3.7 Does your organization have policies to prevent and address sexual harassment (e.g. where/ how to report, consequences, etc.)? | C18: ='Assessment answers'!B22 -> 0 | D18: =IF(C18>=3,"Your scored well in this area. Focus your efforts on other problem areas.",IF(AND(C18<3,C18>=2),"You scored below average in this area. We suggest you work on this problem area. Please fill in columns H-J",IF(AND(C18<2,C18>0),"You scored low in this area. We strongly suggest you work on this problem area. Please fill in columns H-J",IF(C18=0,"This area is not applicable for your venture.","")))) -> This area is not applicable for your venture. | E18: 3. Gender sensitive HR policies and practices | F18: There are no policies on sexual harassment | G18: Design a policy against sexual harassment that includes a specific process/channel to report cases to a dedicated and knowledgeable person (e.g. ombudsman, mediator), who is available for employees who want to discuss any type of situation, maintaining confidentiality. The process to handle cases is also clearly defined | K18: =IFERROR(VLOOKUP($I18,'Idea prioritization list'!$D$1:$E$3,2,0),0)+IFERROR(VLOOKUP($H18,'Idea prioritization list'!$D$1:$E$3,2,0),0)+IFERROR(VLOOKUP($J18,'Idea prioritization list'!$D$1:$E$3,2,0),0) -> 0
B19: 3.8 Does your organization offer gender bias trainings to staff and leadership (i.e. for everyone to understand that they have a bias and how to address or mitigate it)? | C19: ='Assessment answers'!B23 -> 0 | D19: =IF(C19>=3,"Your scored well in this area. Focus your efforts on other problem areas.",IF(AND(C19<3,C19>=2),"You scored below average in this area. We suggest you work on this problem area. Please fill in columns H-J",IF(AND(C19<2,C19>0),"You scored low in this area. We strongly suggest you work on this problem area. Please fill in columns H-J",IF(C19=0,"This area is not applicable for your venture.","")))) -> This area is not applicable for your venture. | E19: 3. Gender sensitive HR policies and practices | F19: The team is unaware of its own gender bias and/or how to mitigate it | G19: Offer a mandatory gender training for employees across all functions and seniority levels | K19: =IFERROR(VLOOKUP($I19,'Idea prioritization list'!$D$1:$E$3,2,0),0)+IFERROR(VLOOKUP($H19,'Idea prioritization list'!$D$1:$E$3,2,0),0)+IFERROR(VLOOKUP($J19,'Idea prioritization list'!$D$1:$E$3,2,0),0) -> 0
B20: 4.1 What proportion (%) of your organization's Board of Advisors (or equivalent) members are women? | C20: ='Assessment answers'!B25 -> 0 | D20: =IF(C20>=3,"Your scored well in this area. Focus your efforts on other problem areas.",IF(AND(C20<3,C20>=2),"You scored below average in this area. We suggest you work on this problem area. Please fill in columns H-J",IF(AND(C20<2,C20>0),"You scored low in this area. We strongly suggest you work on this problem area. Please fill in columns H-J",IF(C20=0,"This area is not applicable for your venture.","")))) -> This area is not applicable for your venture. | E20: 4. Board of Advisors' diversity | F20: One gender is under-represented in the Board of Advisors (or equivalent) | G20: Create a robust process to search and enrol members of the under-represented gender on the Board of Advisors (or equivalent) (e.g. expanding the pool of candidates to non-traditional profiles, pitch adjusted to what candidates of the under-represented gender value) | K20: =IFERROR(VLOOKUP($I20,'Idea prioritization list'!$D$1:$E$3,2,0),0)+IFERROR(VLOOKUP($H20,'Idea prioritization list'!$D$1:$E$3,2,0),0)+IFERROR(VLOOKUP($J20,'Idea prioritization list'!$D$1:$E$3,2,0),0) -> 0
B21: 4.2 Does your organization actively try to add members of the gender that is under-represented on the Board of Advisors (or equivalent)? | C21: ='Assessment answers'!B26 -> 0 | D21: =IF(C21>=3,"Your scored well in this area. Focus your efforts on other problem areas.",IF(AND(C21<3,C21>=2),"You scored below average in this area. We suggest you work on this problem area. Please fill in columns H-J",IF(AND(C21<2,C21>0),"You scored low in this area. We strongly suggest you work on this problem area. Please fill in columns H-J",IF(C21=0,"This area is not applicable for your venture.","")))) -> This area is not applicable for your venture. | E21: 4. Board of Advisors' diversity | F21: The organization does not do any specific effort to ensure equal gender representation on the Board of Advisors (or equivalent), nor have objectives to do so | G21: Create a robust process to search and enrol members of the under-represented gender on the Board of Advisors (or equivalent) (e.g. expanding the pool of candidates to non-traditional profiles, pitch adjusted to what candidates of the under-represented gender value) | K21: =IFERROR(VLOOKUP($I21,'Idea prioritization list'!$D$1:$E$3,2,0),0)+IFERROR(VLOOKUP($H21,'Idea prioritization list'!$D$1:$E$3,2,0),0)+IFERROR(VLOOKUP($J21,'Idea prioritization list'!$D$1:$E$3,2,0),0) -> 0
B22: 5.1 Does your organization have internal DEI (diversity, equity and inclusion) targets, as well as processes in place to regularly track and report on those to staff, management and funders? | C22: ='Assessment answers'!B28 -> 0 | D22: =IF(C22>=3,"Your scored well in this area. Focus your efforts on other problem areas.",IF(AND(C22<3,C22>=2),"You scored below average in this area. We suggest you work on this problem area. Please fill in columns H-J",IF(AND(C22<2,C22>0),"You scored low in this area. We strongly suggest you work on this problem area. Please fill in columns H-J",IF(C22=0,"This area is not applicable for your venture.","")))) -> This area is not applicable for your venture. | E22: 5. Gender-related internal target setting and reporting | F22: The organization has not set internal DEI targets | G22: Set detailed internal DEI targets (e.g. gender-disaggregated employee satisfaction) and systematically track and report on them to staff, management and funders) | K22: =IFERROR(VLOOKUP($I22,'Idea prioritization list'!$D$1:$E$3,2,0),0)+IFERROR(VLOOKUP($H22,'Idea prioritization list'!$D$1:$E$3,2,0),0)+IFERROR(VLOOKUP($J22,'Idea prioritization list'!$D$1:$E$3,2,0),0) -> 0
B23: 6.1 Does your organization's mission statement or strategic plan include an explicit focus on sectors that benefit women in particular (e.g. healthcare and care services, education and consumer services)? | C23: ='Assessment answers'!B30 -> 0 | D23: =IF(C23>=3,"Your scored well in this area. Focus your efforts on other problem areas.",IF(AND(C23<3,C23>=2),"You scored below average in this area. We suggest you work on this problem area. Please fill in columns H-J",IF(AND(C23<2,C23>0),"You scored low in this area. We strongly suggest you work on this problem area. Please fill in columns H-J",IF(C23=0,"This area is not applicable for your venture.","")))) -> This area is not applicable for your venture. | E23: 6. Gender-inclusive strategic focus/positioning | F23: The organization's mission statement or strategic plan do not include any specific focus on sectors that benefit women | G23: Target exclusively sectors that benefit women in particular, and communicate explicitly about it, through the mission statement, strategic plan and other public/formal communications | K23: =IFERROR(VLOOKUP($I23,'Idea prioritization list'!$D$1:$E$3,2,0),0)+IFERROR(VLOOKUP($H23,'Idea prioritization list'!$D$1:$E$3,2,0),0)+IFERROR(VLOOKUP($J23,'Idea prioritization list'!$D$1:$E$3,2,0),0) -> 0
B24: 6.2 Does your organization's mission statement or strategic plan include an explicit focus on promoting gender diversity in your venture portfolio (in terms of characteristics of ventures, such as gender of leadership and staff)? | C24: ='Assessment answers'!B31 -> 0 | D24: =IF(C24>=3,"Your scored well in this area. Focus your efforts on other problem areas.",IF(AND(C24<3,C24>=2),"You scored below average in this area. We suggest you work on this problem area. Please fill in columns H-J",IF(AND(C24<2,C24>0),"You scored low in this area. We strongly suggest you work on this problem area. Please fill in columns H-J",IF(C24=0,"This area is not applicable for your venture.","")))) -> This area is not applicable for your venture. | E24: 6. Gender-inclusive strategic focus/positioning | F24: The organization's mission statement or strategic plan do not include an explicit focus on promoting gender diversity in the investment portfolio | G24: Target exclusively ventures that have a high staff and leadership gender diversity (i.e. with a minimum of 30% of founders and/or senior managers of each gender) and communicate explicitly about it, through the mission statement, strategic plan and/or other public/formal communications | K24: =IFERROR(VLOOKUP($I24,'Idea prioritization list'!$D$1:$E$3,2,0),0)+IFERROR(VLOOKUP($H24,'Idea prioritization list'!$D$1:$E$3,2,0),0)+IFERROR(VLOOKUP($J24,'Idea prioritization list'!$D$1:$E$3,2,0),0) -> 0
B25: 6.3 Does your organization's mission statement or strategic plan includes an explicit focus on ventures that promote gender equity among their end beneficiries (e.g. offering products and services that drive gender equity or enhance the well-being of women/girls)? | C25: ='Assessment answers'!B32 -> 0 | D25: =IF(C25>=3,"Your scored well in this area. Focus your efforts on other problem areas.",IF(AND(C25<3,C25>=2),"You scored below average in this area. We suggest you work on this problem area. Please fill in columns H-J",IF(AND(C25<2,C25>0),"You scored low in this area. We strongly suggest you work on this problem area. Please fill in columns H-J",IF(C25=0,"This area is not applicable for your venture.","")))) -> This area is not applicable for your venture. | E25: 6. Gender-inclusive strategic focus/positioning | F25: The organization's mission statement or strategic pan do not include an explicit focus on promoting gender equity among the end beneficiaries of the investees | G25: Target exclusively ventures that promote gender equity among their end beneficiaries and communicate explicitly about it, through the mission statement, strategic plan and/or other public/formal communications | K25: =IFERROR(VLOOKUP($I25,'Idea prioritization list'!$D$1:$E$3,2,0),0)+IFERROR(VLOOKUP($H25,'Idea prioritization list'!$D$1:$E$3,2,0),0)+IFERROR(VLOOKUP($J25,'Idea prioritization list'!$D$1:$E$3,2,0),0) -> 0
B26: 7.1 What percentage of your organization's funders have a focus on funding organizations/ programs contributing to gender equity? | C26: ='Assessment answers'!B34 -> 0 | D26: =IF(C26>=3,"Your scored well in this area. Focus your efforts on other problem areas.",IF(AND(C26<3,C26>=2),"You scored below average in this area. We suggest you work on this problem area. Please fill in columns H-J",IF(AND(C26<2,C26>0),"You scored low in this area. We strongly suggest you work on this problem area. Please fill in columns H-J",IF(C26=0,"This area is not applicable for your venture.","")))) -> This area is not applicable for your venture. | E26: 7. Gender-focused fundraising | F26: None or vast minority of the organization's funders have a focus on funding organizations/ programs contributing to gender equity | G26: Create a robust process to find funders that have a focus on funding organizations/ programs contributing to gender equity, attract them and support them in the selection process | K26: =IFERROR(VLOOKUP($I26,'Idea prioritization list'!$D$1:$E$3,2,0),0)+IFERROR(VLOOKUP($H26,'Idea prioritization list'!$D$1:$E$3,2,0),0)+IFERROR(VLOOKUP($J26,'Idea prioritization list'!$D$1:$E$3,2,0),0) -> 0
B27: 7.2 Does your organization actively try to get funding from funders that have a focus on funding organizations/ programs contributing to gender equity? | C27: ='Assessment answers'!B35 -> 0 | D27: =IF(C27>=3,"Your scored well in this area. Focus your efforts on other problem areas.",IF(AND(C27<3,C27>=2),"You scored below average in this area. We suggest you work on this problem area. Please fill in columns H-J",IF(AND(C27<2,C27>0),"You scored low in this area. We strongly suggest you work on this problem area. Please fill in columns H-J",IF(C27=0,"This area is not applicable for your venture.","")))) -> This area is not applicable for your venture. | E27: 7. Gender-focused fundraising | F27: The organization does not get funding from funders that have a focus on funding organizations/ programs contributing to gender equity | G27: Mostly or exclusively get funding from funders that have a focus on funding organizations/ programs contributing to gender equity and prioritize it in the fundraising strategy | K27: =IFERROR(VLOOKUP($I27,'Idea prioritization list'!$D$1:$E$3,2,0),0)+IFERROR(VLOOKUP($H27,'Idea prioritization list'!$D$1:$E$3,2,0),0)+IFERROR(VLOOKUP($J27,'Idea prioritization list'!$D$1:$E$3,2,0),0) -> 0
B28: 8.1 Does your organization have targets related to gender diversity in your venture portfolio (in terms of characteristics of ventures, such as gender of leadership and staff), and report on them to staff, management and funders? | C28: ='Assessment answers'!B37 -> 0 | D28: =IF(C28>=3,"Your scored well in this area. Focus your efforts on other problem areas.",IF(AND(C28<3,C28>=2),"You scored below average in this area. We suggest you work on this problem area. Please fill in columns H-J",IF(AND(C28<2,C28>0),"You scored low in this area. We strongly suggest you work on this problem area. Please fill in columns H-J",IF(C28=0,"This area is not applicable for your venture.","")))) -> This area is not applicable for your venture. | E28: 8. Gender-related target setting and reporting to funders | F28: The organization has not set targets related to gender diversity in the venture portfolio | G28: Set detailed targets related to gender diversity in the venture portfolio (e.g. % of ventures with at least 30% of founders and/or senior managers of each gender and % of ventures that promote gender-sensitive HR policies) and systematically track and report on them | K28: =IFERROR(VLOOKUP($I28,'Idea prioritization list'!$D$1:$E$3,2,0),0)+IFERROR(VLOOKUP($H28,'Idea prioritization list'!$D$1:$E$3,2,0),0)+IFERROR(VLOOKUP($J28,'Idea prioritization list'!$D$1:$E$3,2,0),0) -> 0
B29: 8.2 Does your organization have targets related to gender equity among the end beneficiaries of ventures in your portfolio, and report on them to staff, management and funders? | C29: ='Assessment answers'!B38 -> 0 | D29: =IF(C29>=3,"Your scored well in this area. Focus your efforts on other problem areas.",IF(AND(C29<3,C29>=2),"You scored below average in this area. We suggest you work on this problem area. Please fill in columns H-J",IF(AND(C29<2,C29>0),"You scored low in this area. We strongly suggest you work on this problem area. Please fill in columns H-J",IF(C29=0,"This area is not applicable for your venture.","")))) -> This area is not applicable for your venture. | E29: 8. Gender-related target setting and reporting to funders | F29: The organization has not set targets related to gender equity for the end beneficiaries of ventures in the portfolio | G29: Set detailed targets related to gender equity for the end beneficiaries of ventures in the portfolio (e.g. number of women sales agents who reported having gained higher financial autonomy) and systematically track and report on them | K29: =IFERROR(VLOOKUP($I29,'Idea prioritization list'!$D$1:$E$3,2,0),0)+IFERROR(VLOOKUP($H29,'Idea prioritization list'!$D$1:$E$3,2,0),0)+IFERROR(VLOOKUP($J29,'Idea prioritization list'!$D$1:$E$3,2,0),0) -> 0
B30: 9.1 If your organization offers programs for both men-led and women-led companies, does it have gender-differentiated communication materials for seeking new program pipeline? | C30: ='Assessment answers'!B40 -> 0 | D30: =IF(C30>=3,"Your scored well in this area. Focus your efforts on other problem areas.",IF(AND(C30<3,C30>=2),"You scored below average in this area. We suggest you work on this problem area. Please fill in columns H-J",IF(AND(C30<2,C30>0),"You scored low in this area. We strongly suggest you work on this problem area. Please fill in columns H-J",IF(C30=0,"This area is not applicable for your venture.","")))) -> This area is not applicable for your venture. | E30: 9. Gender-inclusive pipeline identification | F30: The majority of the organization's communication materials are targeted at either men-led or women-led ventures | G30: Always consider differences in needs and characteristics of men-led and women-led ventures when creating communication materials. When applicable, develop differentiated strategies to communicate to women-led/men-led ventures (e.g. adapting message, channels and visuals) | K30: =IFERROR(VLOOKUP($I30,'Idea prioritization list'!$D$1:$E$3,2,0),0)+IFERROR(VLOOKUP($H30,'Idea prioritization list'!$D$1:$E$3,2,0),0)+IFERROR(VLOOKUP($J30,'Idea prioritization list'!$D$1:$E$3,2,0),0) -> 0
B31: 9.2 What is the percentage of women-led ventures (i.e. where women represent at least 50% of top leadership) in your organization's program pipeline? | C31: ='Assessment answers'!B41 -> 0 | D31: =IF(C31>=3,"Your scored well in this area. Focus your efforts on other problem areas.",IF(AND(C31<3,C31>=2),"You scored below average in this area. We suggest you work on this problem area. Please fill in columns H-J",IF(AND(C31<2,C31>0),"You scored low in this area. We strongly suggest you work on this problem area. Please fill in columns H-J",IF(C31=0,"This area is not applicable for your venture.","")))) -> This area is not applicable for your venture. | E31: 9. Gender-inclusive pipeline identification | F31: One gender is under-represented among the leadership of ventures in the organization's program pipeline | G31: Have a robust process to seek new program pipeline in a way that would drive a more gender-diverse and/or gender-focused venture portfolio (e.g. by working with source partners that can refer gender-balanced pipeline, or by conducting research in platforms for women entrepreneurs) | K31: =IFERROR(VLOOKUP($I31,'Idea prioritization list'!$D$1:$E$3,2,0),0)+IFERROR(VLOOKUP($H31,'Idea prioritization list'!$D$1:$E$3,2,0),0)+IFERROR(VLOOKUP($J31,'Idea prioritization list'!$D$1:$E$3,2,0),0) -> 0
B32: 9.3 Does your organization seek new program pipeline in way that would drive a more gender-diverse and/or gender-focused venture portfolio? | C32: ='Assessment answers'!B42 -> 0 | D32: =IF(C32>=3,"Your scored well in this area. Focus your efforts on other problem areas.",IF(AND(C32<3,C32>=2),"You scored below average in this area. We suggest you work on this problem area. Please fill in columns H-J",IF(AND(C32<2,C32>0),"You scored low in this area. We strongly suggest you work on this problem area. Please fill in columns H-J",IF(C32=0,"This area is not applicable for your venture.","")))) -> This area is not applicable for your venture. | E32: 9. Gender-inclusive pipeline identification | F32: The organization does not make any specific effort to have a more gender-diverse and/or gender-focused venture portfolio, nor have objectives to do so | G32: Have a robust process to seek new program pipeline in a way that would drive a more gender-diverse and/or gender-focused venture portfolio (e.g. by working with source partners that can refer gender-balanced pipeline, or by conducting research in platforms for women entrepreneurs) | K32: =IFERROR(VLOOKUP($I32,'Idea prioritization list'!$D$1:$E$3,2,0),0)+IFERROR(VLOOKUP($H32,'Idea prioritization list'!$D$1:$E$3,2,0),0)+IFERROR(VLOOKUP($J32,'Idea prioritization list'!$D$1:$E$3,2,0),0) -> 0
B33: 10.1 When pre-selecting potential ventures for your programs, does your organization have processes in place to ensure that you give equal opportunities to men-led and women-led ventures? | C33: ='Assessment answers'!B44 -> 0 | D33: =IF(C33>=3,"Your scored well in this area. Focus your efforts on other problem areas.",IF(AND(C33<3,C33>=2),"You scored below average in this area. We suggest you work on this problem area. Please fill in columns H-J",IF(AND(C33<2,C33>0),"You scored low in this area. We strongly suggest you work on this problem area. Please fill in columns H-J",IF(C33=0,"This area is not applicable for your venture.","")))) -> This area is not applicable for your venture. | E33: 10. Gender-inclusive pipeline pre-selection | F33: The organization does not have specific processes in place to ensure equal opportunities in the pre-selection process | G33: Have several initiatives to ensure that ventures are given equal opportunities in the pre-selection process: use gender-blind documentation, have a gender-balanced pre-selection committee, and all staff involved in pipeline pre-selection has undergone unconscious bias training | K33: =IFERROR(VLOOKUP($I33,'Idea prioritization list'!$D$1:$E$3,2,0),0)+IFERROR(VLOOKUP($H33,'Idea prioritization list'!$D$1:$E$3,2,0),0)+IFERROR(VLOOKUP($J33,'Idea prioritization list'!$D$1:$E$3,2,0),0) -> 0
B34: 11.1 Does your organization have processes in place to ensure that you give equal opportunities to men-led and women-led companies in the due diligence process? | C34: ='Assessment answers'!B46 -> 0 | D34: =IF(C34>=3,"Your scored well in this area. Focus your efforts on other problem areas.",IF(AND(C34<3,C34>=2),"You scored below average in this area. We suggest you work on this problem area. Please fill in columns H-J",IF(AND(C34<2,C34>0),"You scored low in this area. We strongly suggest you work on this problem area. Please fill in columns H-J",IF(C34=0,"This area is not applicable for your venture.","")))) -> This area is not applicable for your venture. | E34: 11. Gender-sensitive due diligence | F34: The organization does not have specific processes in place to reduce the gender bias in the due diligence process | G34: Train the due diligence staff on unconscious gender bias and ensure that the due diligence questions are calibrated in the same way for both genders (e.g. by tracking the balance between "promotion" questions (focused on growth potential) and "prevention" questions (focused on risks)) | K34: =IFERROR(VLOOKUP($I34,'Idea prioritization list'!$D$1:$E$3,2,0),0)+IFERROR(VLOOKUP($H34,'Idea prioritization list'!$D$1:$E$3,2,0),0)+IFERROR(VLOOKUP($J34,'Idea prioritization list'!$D$1:$E$3,2,0),0) -> 0
B35: 11.2 When conducting due diligence of pre-selected potential investees, does your organization look at gender-related information and data (e.g. gender representation in leadership/ staff/ end beneficiaries, adoption of gender-inclusive practices, etc.)? | C35: ='Assessment answers'!B47 -> 0 | D35: =IF(C35>=3,"Your scored well in this area. Focus your efforts on other problem areas.",IF(AND(C35<3,C35>=2),"You scored below average in this area. We suggest you work on this problem area. Please fill in columns H-J",IF(AND(C35<2,C35>0),"You scored low in this area. We strongly suggest you work on this problem area. Please fill in columns H-J",IF(C35=0,"This area is not applicable for your venture.","")))) -> This area is not applicable for your venture. | E35: 11. Gender-sensitive due diligence | F35: The organization does not look at gender-related information and data when conducting due diligence | G35: Systematically look at detailed gender-related information and data (e.g. % of women employees in team and management, gender-inclusive impact with end beneficiaries) when conducting due diligence, and integrate this information in all due diligence documents, templates and reports | K35: =IFERROR(VLOOKUP($I35,'Idea prioritization list'!$D$1:$E$3,2,0),0)+IFERROR(VLOOKUP($H35,'Idea prioritization list'!$D$1:$E$3,2,0),0)+IFERROR(VLOOKUP($J35,'Idea prioritization list'!$D$1:$E$3,2,0),0) -> 0
B36: 12.1 Do the members of the Selection Committee take into account gender-related information and criteria to select ventures? | C36: ='Assessment answers'!B49 -> 0 | D36: =IF(C36>=3,"Your scored well in this area. Focus your efforts on other problem areas.",IF(AND(C36<3,C36>=2),"You scored below average in this area. We suggest you work on this problem area. Please fill in columns H-J",IF(AND(C36<2,C36>0),"You scored low in this area. We strongly suggest you work on this problem area. Please fill in columns H-J",IF(C36=0,"This area is not applicable for your venture.","")))) -> This area is not applicable for your venture. | E36: 12. Gender-sensitive venture selection | F36: The members of the organization's Selection Committee do not use any gender-related information and criteria to select ventures | G36: The members of the Selection Committee systematically take into account detailed gender-related information and criteria (e.g. % of women employees in team and management, gender-inclusive impact with end users) to select ventures, and have to report on each criteria | K36: =IFERROR(VLOOKUP($I36,'Idea prioritization list'!$D$1:$E$3,2,0),0)+IFERROR(VLOOKUP($H36,'Idea prioritization list'!$D$1:$E$3,2,0),0)+IFERROR(VLOOKUP($J36,'Idea prioritization list'!$D$1:$E$3,2,0),0) -> 0
B37: 12.2 What proportion (%) of the members of the Selection Committee with decision-making power are women? | C37: ='Assessment answers'!B50 -> 0 | D37: =IF(C37>=3,"Your scored well in this area. Focus your efforts on other problem areas.",IF(AND(C37<3,C37>=2),"You scored below average in this area. We suggest you work on this problem area. Please fill in columns H-J",IF(AND(C37<2,C37>0),"You scored low in this area. We strongly suggest you work on this problem area. Please fill in columns H-J",IF(C37=0,"This area is not applicable for your venture.","")))) -> This area is not applicable for your venture. | E37: 12. Gender-sensitive venture selection | F37: One gender is under-represented in the organization's Selection Committee | G37: Create a robust process to find Selection Committee members with decision-making power of the under-represented gender, attract them and support them during the selection process | K37: =IFERROR(VLOOKUP($I37,'Idea prioritization list'!$D$1:$E$3,2,0),0)+IFERROR(VLOOKUP($H37,'Idea prioritization list'!$D$1:$E$3,2,0),0)+IFERROR(VLOOKUP($J37,'Idea prioritization list'!$D$1:$E$3,2,0),0) -> 0
B38: 12.3 Does your organization offer gender bias training to the members of the Selection Committee, to create awareness of how gender biases affect selection decisions and how to address/mitigate them? | C38: ='Assessment answers'!B51 -> 0 | D38: =IF(C38>=3,"Your scored well in this area. Focus your efforts on other problem areas.",IF(AND(C38<3,C38>=2),"You scored below average in this area. We suggest you work on this problem area. Please fill in columns H-J",IF(AND(C38<2,C38>0),"You scored low in this area. We strongly suggest you work on this problem area. Please fill in columns H-J",IF(C38=0,"This area is not applicable for your venture.","")))) -> This area is not applicable for your venture. | E38: 12. Gender-sensitive venture selection | F38: The organization does not offer gender bias training to the members of the Selection Committee | G38: Offer a mandatory gender bias training to the members of the Selection Committee and discuss regularly about gender bias in relation to selection decisions | K38: =IFERROR(VLOOKUP($I38,'Idea prioritization list'!$D$1:$E$3,2,0),0)+IFERROR(VLOOKUP($H38,'Idea prioritization list'!$D$1:$E$3,2,0),0)+IFERROR(VLOOKUP($J38,'Idea prioritization list'!$D$1:$E$3,2,0),0) -> 0
B39: 12.4 What is the percentage of women-led ventures (i.e. where women represent at least 50% of top leadership) in your organization's program portfolio? | C39: ='Assessment answers'!B52 -> 0 | D39: =IF(C39>=3,"Your scored well in this area. Focus your efforts on other problem areas.",IF(AND(C39<3,C39>=2),"You scored below average in this area. We suggest you work on this problem area. Please fill in columns H-J",IF(AND(C39<2,C39>0),"You scored low in this area. We strongly suggest you work on this problem area. Please fill in columns H-J",IF(C39=0,"This area is not applicable for your venture.","")))) -> This area is not applicable for your venture. | E39: 12. Gender-sensitive venture selection | F39: One gender is under-represented among the leadership of ventures within the portfolio | G39: Take into account detailed gender-related information and criteria, and give high relevance to such information and criteria to select program participants
B40: 13.1 Does your organization integrate a gender perspective in defining the content and curriculum of your programs (e.g. including topics that are specific to the needs of entrepreneurs of a certain gender, e.g. risk-taking, growth mindset for women entrepreneurs, work-life balance for mothers/fathers)? | C40: ='Assessment answers'!B54 -> 0 | D40: =IF(C40>=3,"Your scored well in this area. Focus your efforts on other problem areas.",IF(AND(C40<3,C40>=2),"You scored below average in this area. We suggest you work on this problem area. Please fill in columns H-J",IF(AND(C40<2,C40>0),"You scored low in this area. We strongly suggest you work on this problem area. Please fill in columns H-J",IF(C40=0,"This area is not applicable for your venture.","")))) -> This area is not applicable for your venture. | E40: 13. Gender-sensitive program content design | F40: The organization does not take gender into account in defining the content and curriculum of the programs | G40: Have robust processes in place to ensure that the content and curriculum of all programs is defined with a gender perspective, including having a gender-balanced curriculum design team and selecting topics that are specific to the needs of entrepreneurs of a certain gender (e.g. risk-taking and growth mindsets for women entrepreneurs, work-life balance for mothers/fathers) | K40: =IFERROR(VLOOKUP($I40,'Idea prioritization list'!$D$1:$E$3,2,0),0)+IFERROR(VLOOKUP($H40,'Idea prioritization list'!$D$1:$E$3,2,0),0)+IFERROR(VLOOKUP($J40,'Idea prioritization list'!$D$1:$E$3,2,0),0) -> 0
B41: 13.2 Does your organization integrate a gender perspective in the development of program materials (whether developed internally or through external providers)? | C41: ='Assessment answers'!B55 -> 0 | D41: =IF(C41>=3,"Your scored well in this area. Focus your efforts on other problem areas.",IF(AND(C41<3,C41>=2),"You scored below average in this area. We suggest you work on this problem area. Please fill in columns H-J",IF(AND(C41<2,C41>0),"You scored low in this area. We strongly suggest you work on this problem area. Please fill in columns H-J",IF(C41=0,"This area is not applicable for your venture.","")))) -> This area is not applicable for your venture. | E41: 13. Gender-sensitive program content design | F41: The organization does not take into account gender in developing the program materials | G41: Have robust processes in places to ensure that all program materials are developed with a gender perspective, including use of gender-inclusive language, choice of visuals and examples that do not reinforce gender stereotypes, having a gender-balanced team in charge of program materials development | K41: =IFERROR(VLOOKUP($I41,'Idea prioritization list'!$D$1:$E$3,2,0),0)+IFERROR(VLOOKUP($H41,'Idea prioritization list'!$D$1:$E$3,2,0),0)+IFERROR(VLOOKUP($J41,'Idea prioritization list'!$D$1:$E$3,2,0),0) -> 0
B42: 13.3 Does your organization offer specific training modules or technical assistance on gender-related topics as part of your programs? | C42: ='Assessment answers'!B56 -> 0 | D42: =IF(C42>=3,"Your scored well in this area. Focus your efforts on other problem areas.",IF(AND(C42<3,C42>=2),"You scored below average in this area. We suggest you work on this problem area. Please fill in columns H-J",IF(AND(C42<2,C42>0),"You scored low in this area. We strongly suggest you work on this problem area. Please fill in columns H-J",IF(C42=0,"This area is not applicable for your venture.","")))) -> This area is not applicable for your venture. | E42: 13. Gender-sensitive program content design | F42: The organization does not offer specific training modules or technical assistance on gender-related topics in programs | G42: Systematically offer mandatory training modules or technical assistance on gender-related topics for all ventures in programs | K42: =IFERROR(VLOOKUP($I42,'Idea prioritization list'!$D$1:$E$3,2,0),0)+IFERROR(VLOOKUP($H42,'Idea prioritization list'!$D$1:$E$3,2,0),0)+IFERROR(VLOOKUP($J42,'Idea prioritization list'!$D$1:$E$3,2,0),0) -> 0
B43: 14.1 Does your organization take gender-specific needs into account when designing the delivery format for your training programs (e.g. flexible timings, limiting need to travel for caregivers, etc.)? | C43: ='Assessment answers'!B58 -> 0 | D43: =IF(C43>=3,"Your scored well in this area. Focus your efforts on other problem areas.",IF(AND(C43<3,C43>=2),"You scored below average in this area. We suggest you work on this problem area. Please fill in columns H-J",IF(AND(C43<2,C43>0),"You scored low in this area. We strongly suggest you work on this problem area. Please fill in columns H-J",IF(C43=0,"This area is not applicable for your venture.","")))) -> This area is not applicable for your venture. | E43: 14. Gender-sensitive program delivery approach | F43: The organization does not take gender-specific needs into account in defining the delivery format for training programs | G43: Systematically consider gender-specific differences in needs when designing the delivery format for training programs, and communicate explicitly about it. Offer flexible timings, limiting need to travel for caregivers, and customized support for each gender | K43: =IFERROR(VLOOKUP($I43,'Idea prioritization list'!$D$1:$E$3,2,0),0)+IFERROR(VLOOKUP($H43,'Idea prioritization list'!$D$1:$E$3,2,0),0)+IFERROR(VLOOKUP($J43,'Idea prioritization list'!$D$1:$E$3,2,0),0) -> 0
B44: 14.2 Does your organization train/ sensitize the team in charge of program delivery (both internal staff and any external providers) on how to integrate a gender perspective when delivering their training? | C44: ='Assessment answers'!B59 -> 0 | D44: =IF(C44>=3,"Your scored well in this area. Focus your efforts on other problem areas.",IF(AND(C44<3,C44>=2),"You scored below average in this area. We suggest you work on this problem area. Please fill in columns H-J",IF(AND(C44<2,C44>0),"You scored low in this area. We strongly suggest you work on this problem area. Please fill in columns H-J",IF(C44=0,"This area is not applicable for your venture.","")))) -> This area is not applicable for your venture. | E44: 14. Gender-sensitive program delivery approach | F44: The organization does not train the team and external providers in integrating a gender perspective when delivering their training | G44: Offer a mandatory training for both the staff and external providers on how to integrate a gender perspective when delivering their training (e.g. how to take into account gender-specific differences in assimilating content and participating in activities) | K44: =IFERROR(VLOOKUP($I44,'Idea prioritization list'!$D$1:$E$3,2,0),0)+IFERROR(VLOOKUP($H44,'Idea prioritization list'!$D$1:$E$3,2,0),0)+IFERROR(VLOOKUP($J44,'Idea prioritization list'!$D$1:$E$3,2,0),0) -> 0
B45: 15.1 Does your organization take gender balance into account when selecting and deploying the team in charge of program delivery (both internal staff and any external providers)? | C45: ='Assessment answers'!B61 -> 0 | D45: =IF(C45>=3,"Your scored well in this area. Focus your efforts on other problem areas.",IF(AND(C45<3,C45>=2),"You scored below average in this area. We suggest you work on this problem area. Please fill in columns H-J",IF(AND(C45<2,C45>0),"You scored low in this area. We strongly suggest you work on this problem area. Please fill in columns H-J",IF(C45=0,"This area is not applicable for your venture.","")))) -> This area is not applicable for your venture. | E45: 15. Gender-balanced program delivery team | F45: The organization does not make any specific efforts to ensure gender balance when selecting and deploying the program delivery team | G45: Systematically ensure gender balance when selecting and deploying the program delivery team, for all types of positions and levels of seniority | K45: =IFERROR(VLOOKUP($I45,'Idea prioritization list'!$D$1:$E$3,2,0),0)+IFERROR(VLOOKUP($H45,'Idea prioritization list'!$D$1:$E$3,2,0),0)+IFERROR(VLOOKUP($J45,'Idea prioritization list'!$D$1:$E$3,2,0),0) -> 0
B46: 16.1 Does your organization require ventures in your portfolio to report on specific performance metrics in a gender-disaggregated way, and then track and report on those metrics at your end? | C46: ='Assessment answers'!B63 -> 0 | D46: =IF(C46>=3,"Your scored well in this area. Focus your efforts on other problem areas.",IF(AND(C46<3,C46>=2),"You scored below average in this area. We suggest you work on this problem area. Please fill in columns H-J",IF(AND(C46<2,C46>0),"You scored low in this area. We strongly suggest you work on this problem area. Please fill in columns H-J",IF(C46=0,"This area is not applicable for your venture.","")))) -> This area is not applicable for your venture. | E46: 16. Gender-related program target setting and reporting | F46: The organization does not require the portfolio ventures to report on specific performance metrics in a gender-disaggregated way | G46: Require all portfolio ventures to report on specific performance metrics in a gender-disaggregated way, and systematically track and report on those metrics at the organization's end | K46: =IFERROR(VLOOKUP($I46,'Idea prioritization list'!$D$1:$E$3,2,0),0)+IFERROR(VLOOKUP($H46,'Idea prioritization list'!$D$1:$E$3,2,0),0)+IFERROR(VLOOKUP($J46,'Idea prioritization list'!$D$1:$E$3,2,0),0) -> 0
B47: 16.2 Does your organization analyse feedback and satisfaction surveys in a gender-disaggregated way, and seek gender-related feedback from program participants? | C47: ='Assessment answers'!B64 -> 0 | D47: =IF(C47>=3,"Your scored well in this area. Focus your efforts on other problem areas.",IF(AND(C47<3,C47>=2),"You scored below average in this area. We suggest you work on this problem area. Please fill in columns H-J",IF(AND(C47<2,C47>0),"You scored low in this area. We strongly suggest you work on this problem area. Please fill in columns H-J",IF(C47=0,"This area is not applicable for your venture.","")))) -> This area is not applicable for your venture. | E47: 16. Gender-related program target setting and reporting | F47: The organization does not analyse the feedback and satisfaction surveys in a gender-disaggregated way nor seek gender-related feedback from program participants | G47: Systematically analyse the feedback and satisfaction surveys in a gender-disaggregated way, and include several gender-related feedback questions, including how gender-appropriate the program content was and how gender-sensitive the program delivery was (both in terms of interactions and delivery approach) | K47: =IFERROR(VLOOKUP($I47,'Idea prioritization list'!$D$1:$E$3,2,0),0)+IFERROR(VLOOKUP($H47,'Idea prioritization list'!$D$1:$E$3,2,0),0)+IFERROR(VLOOKUP($J47,'Idea prioritization list'!$D$1:$E$3,2,0),0) -> 0
B48: 16.3 On average, do women-led ventures and men-led ventures in your portfolio progress at the same pace in terms of business growth after your program? | C48: ='Assessment answers'!B65 -> 0 | D48: =IF(C48>=3,"Your scored well in this area. Focus your efforts on other problem areas.",IF(AND(C48<3,C48>=2),"You scored below average in this area. We suggest you work on this problem area. Please fill in columns H-J",IF(AND(C48<2,C48>0),"You scored low in this area. We strongly suggest you work on this problem area. Please fill in columns H-J",IF(C48=0,"This area is not applicable for your venture.","")))) -> This area is not applicable for your venture. | E48: 16. Gender-related program target setting and reporting | F48: The organization does not measure business growth of the portfolio ventures in a gender-disaggregated way | G48: Frequently measure business growth of the portfolio ventures in a gender-disaggregated way, and ensure that men-led ventures and women-led ventures progress at the same pace after the program | K48: =IFERROR(VLOOKUP($I48,'Idea prioritization list'!$D$1:$E$3,2,0),0)+IFERROR(VLOOKUP($H48,'Idea prioritization list'!$D$1:$E$3,2,0),0)+IFERROR(VLOOKUP($J48,'Idea prioritization list'!$D$1:$E$3,2,0),0) -> 0

Sheet M2 - Library of Resources
B1: LIBRARY OF RESOURCES
B2: Objective: Learn more about how gender bias affects different areas and topics within organizations, the benefits of gender inclusion, best practices, and examples of how other organizations have tackled these topics. Instructions: The library is organized into 16 topics, grouped in 4 broad areas of an organization's functioning. For each topic, you can find: - LeFil's all-in-one resource: our must-read! A comprehensive yet concise summary of everything you need to know about the topic, including a “step-by-step guide” outlining how to approach it, best practices, tips, expected benefits, suggested metrics to track, and one or more case studies showcasing ventures that successfully enhanced their strategies in that area - External resources: additional readings from third-party sources, to explore the topic further and from multiple perspectives. These are further organized into Introductory readings (briefs and articles that provide an overview of the topic), Knowledge pieces (longer reads that provide deeper insights, knowledge and guidance on the topic), and Case studies (relevant real-world examples and best practices related to the topic). Notes: - The external resources come from a variety of third-party sources. Although we have carefully curated the selection with quality content from reputable sources, the views and opinions expressed in each resource are solely those of the original authors and do not necessarily reflect the views or positions of LeFil Consulting. - While we strive to keep the library of external resources up to date, we are not responsible for changes or removal of content by the original authors. If you come across an issue with one of the resources included in this library (e.g. link that no longer works), please let us know at gender@lefilconsulting.com.
B4: Nr | C4: Area | D4: Topic | E4: LeFil's all-in-one resource | F4: External resources
F5: Introductory readings | G5: Knowledge pieces | H5: Case studies
B6: Introduction on gender bias | E6: N/A | F6: Overview of bias against women | G6: What is gender bias at the workplace | H6: Unconscious gender bias in the workplace: what it is, what it does and what to do about it
G7: Women empowerment principles: equality means business
B9: 1 | C9: Staff and leadership diversity | D9: Gender-balanced hiring | E9: Resource #1 | F9: EBRD - Gender Equality Works (video) | G9: Gender balance and inclusive cultures. A guide for CEOs | H9: Winning the fight for female talent. How to gain the diversity edge through inclusive recruitment > Driving Inclusive Recruitment through a series of interventions (p. 12) > Adopting a targeted female attraction strategy (p. 22)
F10: 7 steps to promote gender equality in recruiting and hiring | G10: Guide to gender diversity in employment: employer's guide - Recruitment, selection, hiring, promotion and training checklist (p.12) | H10: Supporting early-stage ventures in Sub-Saharan Africa with gender inclusion: A gender lens investing pilot > How to recruit with an inclusive lens: Viamo, Global (p. 16)
F11: The business case for diversity in the workplace is now overwhelming | G11: Delivering through diversity | H11: How Duolingo achieved a 50:50 gender ratio for new software engineer hires
B12: 2 | D12: Gender-balanced promotion and retention | E12: Resource #2 | F12: 13 ways to advance gender equity by prioritizing women in executive roles | G12: Women and the labyrinth of leadership | H12: Case study Capgemini: women's leadership development at a global scale
F13: Six strategies to help retain female talent moving forward | H13: Case study Banco Santander: shifting culture to boost gender equality
B14: 3 | D14: Gender sensitive HR policies and practices | E14: Resource #3 | F14: How to create a gender-inclusive workplace | G14: SheWorks: putting gender-smart commitments into practice (IFC) | H14: Understanding the business case for gender equality in the workplace > Case studies of businesses seeking gender equality in Egypt and Palestine (p. 13)
F15: Equal pay counts: what companies can do | G15: Empowering women at work: company policies and practices for gender equality | H15: Advancing gender equality in Africa's off-grid sector - Power Africa
F16: Why paid family leave is good business | G16: The case for equal parental leave: A toolkit for practitioners covering why this policy matters, and how to effectively implement it | H16: Bain & Company: Equalising parental leave
F17: I'm a gay CEO, and this is why parental leave will promote gender equality
F18: How employers can support caregivers coping with increased responsibilities | G18: Work and family: Creating a family-friendly workplace | H18: Case study Banco Bilbao Vizcaya Argentaria (BBVA): levelling the playing field for women in the workplace
F19: In their own words: Why flexible work matters | H19: Case study: Flexible work reduces the gender pay gap and saves money
F20: Supporting women breastfeeding at work: what can employers do? | G20: Breastfeeding support: A practical guide for employers to create breastfeeding-friendly workplaces | H20: Investing in workplace breastfeeding programs and policies > Employer case studies (p. 21)
E21: Resource #3.1 | F21: How businesses can take the lead in combatting gender-based violence | G21: Write and implement a workplace policy for prevention of sexual harassment | H21: Developing a workplace sexual harassment policy: Lessons from Engendering Industries’ partner, Eko Electricity Distribution Company, in Nigeria
B22: 4 | D22: Board of Advisors' diversity | E22: Resource #4 | F22: 5 ways to get more women on Boards | G22: Optimizing board effectiveness with gender diversity: are quotas the answer? | H22: Board diversity case study: A tailored program to get more women on Canadian corporate boards [requires free registration]
G23: Gender Lens Incubation and Acceleration Toolkit. Supporting intermediaries to be more inclusive of all genders (p. 22-24) | H23: Case study Relx: improving the gender balance on boards and leadership
B24: 5 | D24: Gender-related internal target setting and reporting | E24: N/A | F24: How to set gender diversity targets | G24: Target Setting for Gender Equality: A Review of the Literature | H24: Gender-inclusive service provision: A quick guide for financial and business development services providers > WE-Check in practice: Zamzam Somalia (p. 18)
B26: 6 | C26: Gender-focused programming, financing and positioning | D26: Gender-inclusive strategic focus/positioning | E26: N/A | F26: A journey not a destination: how entrepreneurial intermediaries and investors can overcome 5 common stumbling blocks in becoming more gender inclusive > We don’t know how to embed gender into our organizational DNA (p. 32-39) | G26: Accelerating women entrepreneurs. A handbook for practitioners > Why accelerate women entrepreneurs? (p. 10-15) | H26: Gender and Entrepreneurship Together (GET Ahead)
B27: 7 | D27: Gender-focused fundraising | E27: N/A | F27: Gender lens incubation and acceleration toolkit. Supporting intermediaries to be more inclusive of all genders > Funders/Investors (p. 56-57) | H27: N/A
B28: 8 | D28: Gender-related target setting and reporting to funders | E28: N/A | F28: How to measure the gender impact of investments: using the 2X Challenge indicators in alignment with IRIS+ | G28: Gender lens incubation and acceleration toolkit: measuring gender equality > Choosing indicators; Collecting data (p. 10-29) | H28: Gender lens measuring in acceleration > Gender lens measurement in acceleration (p. 32-36)
B30: 9 | C30: Gender-inclusive venture selection | D30: Gender-inclusive pipeline identification | E30: N/A | F30: Accelerators as drivers of gender equality. A guide to gender lens acceleration > Promotion, scouting and application (p. 21-23) | G30: Gender lens incubation and acceleration toolkit. Supporting intermediaries to be more inclusive of all genders > Recruitment of entrepreneurs (p. 34-38) | H30: Gender lens incubation and acceleration toolkit. Supporting intermediaries to be more inclusive of all genders > Case study: SHE (Support Her Enterprise) Investments, Cambodia(p. 68-70)
B31: 10 | D31: Gender-inclusive pipeline pre-selection
B32: 11 | D32: Gender-sensitive due diligence | E32: N/A | F32: Gender lens incubation and acceleration toolkit. Supporting intermediaries to be more inclusive of all genders > Selection of entrepreneurs (p. 39-40) | G32: Smarter systems: how tweaking your diligence process can unlock overlooked opportunities > Improving accelerators’ selection practices (p.6-17) | H32: Gender-responsive due dilligence - Case studies
B33: 12 | D33: Gender-sensitive venture selection | E33: N/A | F33: Accelerators as drivers of gender equality. A guide to gender lens acceleration > Selection of participants (p. 24-25) | G33: What we learned about women-led ventures and acceleration: examining evidence from four new studies > Key finding 2 (p. 8-10) | H33: A decade of learnings on gender-lens acceleration. Case studies from Asia > Seedstars Asia; Recommendations (p. 22-26)
B35: 13 | C35: Gender-sensitive program design and delivery | D35: Gender-sensitive program content design | E35: N/A | F35: Gender lens incubation and acceleration toolkit. Supporting intermediaries to be more inclusive of all genders > Program design (p. 41-43) | G35: What works in supporting women-led businesses? | H35: Gender lens investing. Landscape study in Cambodia > Case study: Cnai Accelerator (p. 38)
B36: 14 | D36: Gender-sensitive program delivery approach | E36: N/A | F36: Gender lens incubation and acceleration toolkit. Supporting intermediaries to be more inclusive of all genders > Program delivery (p. 44-45) | G36: Accelerators as drivers of gender equality > Program delivery (p. 26-31) | H36: Support organizations and remediating the gender gap in entrepreneurial ecosystems: a case study of St. Louis
B37: 15 | D37: Gender-balanced program delivery team | F37: Gender lens incubation and acceleration toolkit. Supporting intermediaries to be more inclusive of all genders > Program facilitators and mentors (p. 46) | G37: Women centric mentoring framework > Mentoring; Models in entrepreneurship mentoring; Mentoring phases; Mentoring women entrepreneurs (p. 4-10)
B38: 16 | D38: Gender-related program target setting and reporting | E38: N/A | F38: Engendering industries: setting strategic gender equality targets | G38: Introducing standards of practice for gender lens investing | H38: Accelerators as drivers of gender equality > Gender lens measurement in acceleration (p. 32-36)

Sheet Gender initiative list
A1: TYPE OF INTERVENTION | B1: Staff and leadership diversity | F1: Initiative 1 | G1: =IF('M3 - Initiative template'!$P$9=B1,B6,IF('M3 - Initiative template'!$P$9=B2,B12,IF('M3 - Initiative template'!$P$9=B3,B16,IF('M3 - Initiative template'!$P$9=B4,B21,"")))) | H1: Initiative 2 | I1: =IF('M3 - Initiative template'!$P$95=B1,B6,IF('M3 - Initiative template'!$P$95=B2,B12,IF('M3 - Initiative template'!$P$95=B3,B16,IF('M3 - Initiative template'!$P$95=B4,B21,""))))
B2: Gender-focused programming, financing and positioning | G2: =IF('M3 - Initiative template'!$P$9=B1,B7,IF('M3 - Initiative template'!$P$9=B2,B13,IF('M3 - Initiative template'!$P$9=B3,B17,IF('M3 - Initiative template'!$P$9=B4,B22,"")))) | I2: =IF('M3 - Initiative template'!$P$95=B1,B7,IF('M3 - Initiative template'!$P$95=B2,B13,IF('M3 - Initiative template'!$P$95=B3,B17,IF('M3 - Initiative template'!$P$95=B4,B22,""))))
B3: Gender-inclusive venture selection | G3: =IF('M3 - Initiative template'!$P$9=B1,B8,IF('M3 - Initiative template'!$P$9=B2,B14,IF('M3 - Initiative template'!$P$9=B3,B18,IF('M3 - Initiative template'!$P$9=B4,B23,"")))) | I3: =IF('M3 - Initiative template'!$P$95=B1,B8,IF('M3 - Initiative template'!$P$95=B2,B14,IF('M3 - Initiative template'!$P$95=B3,B18,IF('M3 - Initiative template'!$P$95=B4,B23,""))))
B4: Gender-sensitive program design and delivery | G4: =IF('M3 - Initiative template'!$P$9=B1,B9,IF('M3 - Initiative template'!$P$9=B2,B15,IF('M3 - Initiative template'!$P$9=B3,B19,IF('M3 - Initiative template'!$P$9=B4,B24,"")))) | I4: =IF('M3 - Initiative template'!$P$95=B1,B9,IF('M3 - Initiative template'!$P$95=B2,B15,IF('M3 - Initiative template'!$P$95=B3,B19,IF('M3 - Initiative template'!$P$95=B4,B24,""))))
G5: =IF('M3 - Initiative template'!$P$9=B1,B10,IF('M3 - Initiative template'!$P$9=B2,B15,IF('M3 - Initiative template'!$P$9=B3,B20,IF('M3 - Initiative template'!$P$9=B4,B25,"")))) | I5: =IF('M3 - Initiative template'!$P$95=B1,B10,IF('M3 - Initiative template'!$P$95=B2,B15,IF('M3 - Initiative template'!$P$95=B3,B20,IF('M3 - Initiative template'!$P$95=B4,B25,""))))
A6: AREA OF INTERVENTION | B6: Gender-balanced hiring
B7: Gender-balanced promotion and retention
B8: Gender-sensitive HR policies and practicies
B9: Board of Advisors' diversity
B10: Gender-related internal target setting and reporting
B12: Gender-inclusive strategic focus/ positioning ​
B13: Gender-focused fundraising
B14: Gender-related target setting and reporting to funders
B16: Gender-inclusive pipeline identification ​
B17: Gender-inclusive pipeline pre-selection ​
B18: Gender-sensitive due diligence ​
B19: Gender-sensitive venture selection ​
B21: Gender-sensitive program content design
... B27: No

Sheet Idea prioritization list
D1: High | E1: 3
A2: 1. Gender-balanced hiring | D2: Medium | E2: 2
A3: 2. Gender-balanced promotion and retention | D3: Low | E3: 1
A4: 3. Gender sensitive HR policies and practices
A5: 4. Board of Directors' diversity
A6: 5. Gender-sensitive product design and market research
A7: 6. Gender-inclusive marketing and commmunication
A8: 7. Diversity in distribution and sales' teams
A9: 8. Gender-sensitive customer service
A10: 9. Gender-inclusive selection of strategic suppliers
A11: 10. Gender-sensitive training of strategic suppliers
A12: Overall
A14: Section 1: Gender-balanced hiring
A15: Section 2: Gender-balanced promotion and retention
A16: Section 3: Gender-sensitive HR policies and practices
... A24: Total

Sheet M3 - Initiative template
N1: INITIATIVE TEMPLATE | Y1: REPORTING TEMPLATE
N2: Objective: Identify all elements needed to implement your gender initiative successfully by filling in all clear blue cells. Instructions: 1) Give a name to your initiative. Then, choose the type and the area of intervention from the dropdown selection. 2) Describe the gap you are trying to solve and your objective.. 3) Identify all activities needed to implement your intervention, together with the timeline and internal/external resources needed. 4) See the KPIs that are relevant to your type and area of intervention. If you consider that other KPIs would be more relevant for your intervention, you can modify the selection by writing 'Yes' or 'No' in column P. 5) Complete each relevant KPI with your measurement methodology, baseline, target and timeline. You will find a target benchmark in column T. 6) Report the progress of your initiative in columns Y to AK. Note: The word "women" is used to designate persons who identify as women, and the word "men" to designate persons who identify as men.
N4: Name of the organization
N5: Date
N7: Name of Initiative 1 | O7: Find a nice short name that summarizes what you want to achieve with this initiative | Y7: Intermediary report | AF7: Final report
N9: Type of intervention | O9: Select the focus of your intervention from the drop-down list | Y9: Date of report | AF9: Date of report
N10: Area of intervention | O10: Select the area of intervention from the drop-down list (note: if you don't see any option in the drop-down, select a type of intervention first) | Y10: Qualitative update | Z10: Provide a brief summary of the progress, successes and challenges encountered during the implementation of the initiative | AF10: Qualitative update | AG10: Provide a brief summary of the progress, successes and challenges encountered during the implementation of the initiative
N11: Gap | O11: Describe and explain in detail which (gender) gap you aim to solve with your initiative. Put it in the context of your organization. You should also mention why it is an important gap for your organization, how it affects you and what are the probable causes for it. The description of the gap should be tangible, so do not forget to include numbers! | Y11: Impact on the organization | Z11: Briefly describe the organization's journey along their gender mainstreaming journey (e.g., what did they learn, what else do they want to do, how important has gender become to them, etc.), if any. Here we want to understand if the implementation of the initiative changed anything for the team beyond the KPIs measured for the initiative - in terms of mindset, culture, approach, priorities, etc. | AF11: Impact on the organization | AG11: Briefly describe the organization's journey along their gender mainstreaming journey (e.g., what did they learn, what else do they want to do, how important has gender become to them, etc.), if any. Here we want to understand if the implementation of the initiative changed anything for the team beyond the KPIs measured for the initiative - in terms of mindset, culture, approach, priorities, etc.
N12: Objective | O12: Describe what you want to achieve, what is the targeted outcome and impact of your initiative, be it internal or external | Y12: Impact on the target context | Z12: Provide a brief description (qualitative and, if possible, quantitative) of the impact that the activities and intervention carried out have had on the gender equality situation in the target context, if any. Here we want to capture the actual impact the initiative had with the end-users/ clients/ suppliers/ partners, etc. | AF12: Impact on the target context | AG12: Provide a brief description (qualitative and, if possible, quantitative) of the impact that the activities and intervention carried out have had on the gender equality situation in the target context, if any. Here we want to capture the actual impact the initiative had with the end-users/ clients/ suppliers/ partners, etc.
N14: Planned activity | O14: Planned timeline (start - end) | P14: Planned internal resources needed for activity | Q14: Planned internal budget needed for activity | R14: Planned external resources needed for activity | S14: Planned external budget needed for activity | T14: Evidence | Y14: Actual activity | Z14: Real timeline (beginning - end) | AA14: Actual external expenses | AB14: Comments on activities | AC14: Comments on timeline | AD14: Comments on expenditures | AF14: Actual activity | AG14: Real timeline (beginning - end) | AH14: Actual external expenses | AI14: Comments on activities | AJ14: Comments on timeline | AK14: Comments on expenditures
N15: List all essential activities needed to implement proposed intervention. There should be 5-10 detailed activities, and this will guide you through the essential steps of implementation. Remember that the first step of an initiative is often to conduct an initial assessment to understand the underlying causes of the problem, and if needed to collect the missing baseline data. The last step on the action plan is usually a data collection to check the outcome of the initiative | O15: Write starting MM/YY and ending MM/YY | P15: Internal resources refer to resources that your organization has in-house or can purcahse on its own, like employees’ time and expertise | Q15: Monetize the value of the internal resource you need (in USD) | R15: External resources refer to essential goods or services that you would need to purchase or acquire, whose cost you cannot cover internally or you cannot find in-house | S15: Budget the value of the external resource you need (in USD) | T15: This column indicates what type of proof or documentation must be provided to demonstrate the achievement of the activity | AB15: Explain any deviations from the work plan in terms of activities (different approach, new/deleted activities, etc. | AC15: Explain any deviations from the planned timeline. In case of delays, explain the reason for the delay and clarify the impact on future activities (e.g., the entire schedule is shifted X months, or the delay will be made up, etc.) | AD15: Explain any deviations from budget | AI15: Explain any deviations from the work plan in terms of activities (different approach, new/deleted activities, etc. | AJ15: Explain any deviations from the planned timeline. In case of delays, explain the reason for the delay and clarify the impact on future activities (e.g., the entire schedule is shifted X months, or the delay will be made up, etc.) | AK15: Explain any deviations from budget
N31: TOTAL | Q31: =SUM(Q16:Q30) -> 0 | S31: =SUM(S16:S30) -> 0 | Z31: TOTAL | AA31: =SUM(AA16:AA30) -> 0 | AG31: TOTAL | AH31: =SUM(AH16:AH30) -> 0
N33: KPI | O33: Type of KPI | P33: Relevant for your intervention? | Q33: Measurement methodology | R33: Baseline | S33: Target | T33: Benchmark | U33: Target timeline | V33: Comments | W33: Evidence | Y33: Actual results | Z33: Comments | AA33: % change with respect to baseline | AF33: Actual results | AG33: Comments | AH33: % change with respect to baseline
P34: The tool will automatically suggests relevant KPIs based on the type and area of intervention you selected above, but you can also manually add or remove KPIs based on your specific intervention | Q34: Clarify how you will measure this KPI. Do you already have data or do you need to gather it (e.g. through a survey/ review)? | R34: Enter the current value of this KPI. Clarify unit and amount. If you don't have this information, write TBD for now and make sure your first activity in your activity plan is about getting the baseline. Remember to update it once you have measured the baseline | S34: What value do you want to achieve for this KPI? The target is an objective for you to work towards. It may take you more or less time to achieve it. Put an ambitious yet realistic one. | T34: These values are based on the average improvement obtained by social ventures. You can can use them as guidance/reference when setting your targeted % improvement. If you see "NA", it means a benchmark is not availabe for this KPI | U34: By when do you plan to reach that target, in MM/YY? | V34: Add any information about what specifically you will measure, especially if a survey, review or interviews are required | W34: This column indicates what type of proof or documentation must be provided to demonstrate the achievement of the KPI
S35: If you don't know the baseline yet, enter the targeted % improvement for now, and once you have the basline, update it to the actual end value targeted | T35: Note: please, do not modify values in this column
N36: Standardized metrics
B37: Gender-balanced hiring | C37: Gender-balanced promotion and retention | D37: Gender-sensitive HR policies and practices | N37: Proportion of women in your organisation’s staff (%) | O37: Business performance | P37: =IF(OR(B37=$P$10,C37=$P$10,D37=$P$10,E37=$P$10,F37=$P$10,G37=$P$10,H37=$P$10,I37=$P$10,J37=$P$10,L37=$P$10),"Yes","No") -> Yes | T37: 0.42
B38: Gender-balanced hiring | C38: Gender-balanced promotion and retention | D38: Gender-sensitive HR policies and practices | N38: Proportion of men in your organisation’s staff (%) | O38: Business performance | P38: =IF(OR(B38=$P$10,C38=$P$10,D38=$P$10,E38=$P$10,F38=$P$10,G38=$P$10,H38=$P$10,I38=$P$10,J38=$P$10,L38=$P$10),"Yes","No") -> Yes | T38: NA
B39: Gender-balanced hiring | C39: Gender-balanced promotion and retention | N39: Proportion of women in your organisation’s leadership (%) | O39: Business performance | P39: =IF(OR(B39=$P$10,C39=$P$10,D39=$P$10,E39=$P$10,F39=$P$10,G39=$P$10,H39=$P$10,I39=$P$10,J39=$P$10,L39=$P$10),"Yes","No") -> Yes | T39: 0.38
B40: Gender-balanced hiring | C40: Gender-balanced promotion and retention | N40: Proportion of men in your organisation’s leadership (%) | O40: Business performance | P40: =IF(OR(B40=$P$10,C40=$P$10,D40=$P$10,E40=$P$10,F40=$P$10,G40=$P$10,H40=$P$10,I40=$P$10,J40=$P$10,L40=$P$10),"Yes","No") -> Yes | T40: NA
B41: Gender-balanced promotion and retention | N41: Gender-disaggregated staff turnover rate in your organisation (number of women or men employees leaving the organization during the year / number of women or men employees at the beginning of the year) | O41: Business performance | P41: =IF(OR(B41=$P$10,C41=$P$10,D41=$P$10,E41=$P$10,F41=$P$10,G41=$P$10,H41=$P$10,I41=$P$10,J41=$P$10,L41=$P$10),"Yes","No") -> Yes | T41: NA
B42: Gender-balanced promotion and retention | N42: Leadership turnover rate (women and men) in your organisation (number of women or men managers leaving the organization during the year / number of women or men managers at the beginning of that year) | O42: Business performance | P42: =IF(OR(B42=$P$10,C42=$P$10,D42=$P$10,E42=$P$10,F42=$P$10,G42=$P$10,H42=$P$10,I42=$P$10,J42=$P$10,L42=$P$10),"Yes","No") -> Yes | T42: NA
B43: Gender-balanced hiring | C43: Gender-balanced promotion and retention | D43: Gender-sensitive HR policies and practices | N43: Proportion of staff (very) satisfied with work in your organisation (%) | O43: Social impact | P43: =IF(OR(B43=$P$10,C43=$P$10,D43=$P$10,E43=$P$10,F43=$P$10,G43=$P$10,H43=$P$10,I43=$P$10,J43=$P$10,L43=$P$10),"Yes","No") -> Yes | T43: 0.82
B44: Gender-balanced hiring | C44: Gender-balanced promotion and retention | D44: Gender-inclusive pipeline identification ​ | E44: Gender-inclusive pipeline pre-selection ​ | F44: Gender-sensitive due diligence ​ | N44: Proportion of your organisation’s staff trained in gender mainstreaming (% of employees who participated in at least one gender mainstreaming training) | O44: Social impact | P44: =IF(OR(B44=$P$10,C44=$P$10,D44=$P$10,E44=$P$10,F44=$P$10,G44=$P$10,H44=$P$10,I44=$P$10,J44=$P$10,L44=$P$10),"Yes","No") -> Yes | T44: 0.59
B45: Board of Advisors' diversity | N45: Proportion of women on your organisation's Board of Advisors (or equivalent) (%) | O45: Business performance | P45: =IF(OR(B45=$P$10,C45=$P$10,D45=$P$10,E45=$P$10,F45=$P$10,G45=$P$10,H45=$P$10,I45=$P$10,J45=$P$10,L45=$P$10),"Yes","No") -> Yes | T45: NA
B46: Board of Advisors' diversity | N46: Proportion of men on your organisation's Board of Advisors (or equivalent) (%) | O46: Business performance | P46: =IF(OR(B46=$P$10,C46=$P$10,D46=$P$10,E46=$P$10,F46=$P$10,G46=$P$10,H46=$P$10,I46=$P$10,J46=$P$10,L46=$P$10),"Yes","No") -> Yes | T46: NA
B47: Board of Advisors' diversity | N47: Proportion of your organization’s Board of Advisors' (or equivalent) members (very) satisfied with the functioning and effectiveness of the Board (%) | O47: Social impact | P47: =IF(OR(B47=$P$10,C47=$P$10,D47=$P$10,E47=$P$10,F47=$P$10,G47=$P$10,H47=$P$10,I47=$P$10,J47=$P$10,L47=$P$10),"Yes","No") -> Yes | T47: 1
B48: Gender-balanced hiring | C48: Board of Advisors' diversity | N48: Annual growth rate in earned revenue of your organisation ((this year's earned revenue - last year's earned revenue) / last year's earned revenue) | O48: Business performance | P48: =IF(OR(B48=$P$10,C48=$P$10,D48=$P$10,E48=$P$10,F48=$P$10,G48=$P$10,H48=$P$10,I48=$P$10,J48=$P$10,L48=$P$10),"Yes","No") -> Yes | T48: 0.71
B49: Gender-inclusive strategic focus/ positioning ​ | N49: Proportion of ventures in your program portfolio that operate in sectors that benefit women in a disproportionate fashion (e.g. healthcare and care services, education, and consumer services) (%) | O49: Social impact | P49: =IF(OR(B49=$P$10,C49=$P$10,D49=$P$10,E49=$P$10,F49=$P$10,G49=$P$10,H49=$P$10,I49=$P$10,J49=$P$10,L49=$P$10),"Yes","No") -> Yes | T49: 0.81
B50: Gender-inclusive strategic focus/ positioning ​ | C50: Gender-inclusive pipeline identification ​ | D50: Gender-inclusive pipeline pre-selection ​ | E50: Gender-sensitive due diligence ​ | F50: Gender-sensitive venture selection ​ | N50: Proportion of ventures with gender-diverse leadership (i.e. with a minimum of 30% of founders and/or senior managers of each gender) within your program portfolio (%) | O50: Business performance | P50: =IF(OR(B50=$P$10,C50=$P$10,D50=$P$10,E50=$P$10,F50=$P$10,G50=$P$10,H50=$P$10,I50=$P$10,J50=$P$10,L50=$P$10),"Yes","No") -> Yes | T50: 0.4
B51: Gender-inclusive strategic focus/ positioning ​ | N51: Proportion of ventures that promote gender equity among their end beneficiaries (e.g. offering products and services that drive gender equity or enhance the well-being of women/girls) within your program portfolio (%) | O51: Social impact | P51: =IF(OR(B51=$P$10,C51=$P$10,D51=$P$10,E51=$P$10,F51=$P$10,G51=$P$10,H51=$P$10,I51=$P$10,J51=$P$10,L51=$P$10),"Yes","No") -> Yes | T51: NA
B52: Gender-inclusive pipeline identification ​ | N52: Proportion of ventures with gender-diverse leadership (i.e. with a minimum of 30% of founders and/or senior managers of each gender) within your program pipeline (%) | O52: Business performance | P52: =IF(OR(B52=$P$10,C52=$P$10,D52=$P$10,E52=$P$10,F52=$P$10,G52=$P$10,H52=$P$10,I52=$P$10,J52=$P$10,L52=$P$10),"Yes","No") -> Yes | T52: 0.81
B53: Gender-inclusive pipeline pre-selection ​ | N53: Proportion of ventures with gender-diverse leadership (i.e. with a minimum of 30% of founders and/or senior managers of each gender) within your pool of pre-selected ventures (%) | O53: Business performance | P53: =IF(OR(B53=$P$10,C53=$P$10,D53=$P$10,E53=$P$10,F53=$P$10,G53=$P$10,H53=$P$10,I53=$P$10,J53=$P$10,L53=$P$10),"Yes","No") -> Yes | T53: 0.62
B54: Gender-sensitive due diligence ​ | N54: Proportion of ventures with gender-diverse leadership (i.e. with a minimum of 30% of founders and/or senior managers of each gender) among ventures reaching the due diligence stage (%) | O54: Business performance | P54: =IF(OR(B54=$P$10,C54=$P$10,D54=$P$10,E54=$P$10,F54=$P$10,G54=$P$10,H54=$P$10,I54=$P$10,J54=$P$10,L54=$P$10),"Yes","No") -> Yes | T54: 0.43
B55: Gender-inclusive pipeline identification ​ | N55: Proportion of women in the team in charge of pipeline identification (%) | O55: Business performance | P55: =IF(OR(B55=$P$10,C55=$P$10,D55=$P$10,E55=$P$10,F55=$P$10,G55=$P$10,H55=$P$10,I55=$P$10,J55=$P$10,L55=$P$10),"Yes","No") -> Yes | T55: 0.31
B56: Gender-inclusive pipeline identification ​ | N56: Proportion of men in the team in charge of pipeline identification (%) | O56: Business performance | P56: =IF(OR(B56=$P$10,C56=$P$10,D56=$P$10,E56=$P$10,F56=$P$10,G56=$P$10,H56=$P$10,I56=$P$10,J56=$P$10,L56=$P$10),"Yes","No") -> Yes | T56: 0.31
B57: Gender-inclusive pipeline pre-selection ​ | N57: Proportion of women in the team in charge of pipeline pre-selection (%) | O57: Business performance | P57: =IF(OR(B57=$P$10,C57=$P$10,D57=$P$10,E57=$P$10,F57=$P$10,G57=$P$10,H57=$P$10,I57=$P$10,J57=$P$10,L57=$P$10),"Yes","No") -> Yes | T57: NA
B58: Gender-inclusive pipeline pre-selection ​ | N58: Proportion of men in the team in charge of pipeline pre-selection (%) | O58: Business performance | P58: =IF(OR(B58=$P$10,C58=$P$10,D58=$P$10,E58=$P$10,F58=$P$10,G58=$P$10,H58=$P$10,I58=$P$10,J58=$P$10,L58=$P$10),"Yes","No") -> Yes | T58: NA
B59: Gender-sensitive due diligence ​ | N59: Proportion of women in the team in charge of due diligence (%) | O59: Business performance | P59: =IF(OR(B59=$P$10,C59=$P$10,D59=$P$10,E59=$P$10,F59=$P$10,G59=$P$10,H59=$P$10,I59=$P$10,J59=$P$10,L59=$P$10),"Yes","No") -> Yes | T59: NA
B60: Gender-sensitive due diligence ​ | N60: Proportion of men in the team in charge of due diligence (%) | O60: Business performance | P60: =IF(OR(B60=$P$10,C60=$P$10,D60=$P$10,E60=$P$10,F60=$P$10,G60=$P$10,H60=$P$10,I60=$P$10,J60=$P$10,L60=$P$10),"Yes","No") -> Yes | T60: NA
B61: Gender-sensitive due diligence ​ | N61: Gender-disaggregated proportion of ventures (very) satisfied with the due diligence process - for women-led ventures and men-led ventures (%) | O61: Social impact | P61: =IF(OR(B61=$P$10,C61=$P$10,D61=$P$10,E61=$P$10,F61=$P$10,G61=$P$10,H61=$P$10,I61=$P$10,J61=$P$10,L61=$P$10),"Yes","No") -> Yes | T61: NA
B62: Gender-inclusive pipeline identification ​ | N62: Number of initiatives undertaken to ensure that your program pipeline is built and sourced from in a way that would drive a more gender-diverse and/or gender-focused portfolio | O62: Business performance | P62: =IF(OR(B62=$P$10,C62=$P$10,D62=$P$10,E62=$P$10,F62=$P$10,G62=$P$10,H62=$P$10,I62=$P$10,J62=$P$10,L62=$P$10),"Yes","No") -> Yes | T62: NA
B63: Gender-sensitive venture selection ​ | N63: Number of gender-related or gender-specific criteria taken into account in venture selection | O63: Business performance | P63: =IF(OR(B63=$P$10,C63=$P$10,D63=$P$10,E63=$P$10,F63=$P$10,G63=$P$10,H63=$P$10,I63=$P$10,J63=$P$10,L63=$P$10),"Yes","No") -> Yes | T63: NA
B64: Gender-sensitive venture selection ​ | N64: Proportion of women among the members of the Selection Committee with decision-making power (%) | O64: Business performance | P64: =IF(OR(B64=$P$10,C64=$P$10,D64=$P$10,E64=$P$10,F64=$P$10,G64=$P$10,H64=$P$10,I64=$P$10,J64=$P$10,L64=$P$10),"Yes","No") -> Yes | T64: NA
B65: Gender-sensitive venture selection ​ | N65: Proportion of men among the members of the Selection Committee with decision-making power (%) | O65: Business performance | P65: =IF(OR(B65=$P$10,C65=$P$10,D65=$P$10,E65=$P$10,F65=$P$10,G65=$P$10,H65=$P$10,I65=$P$10,J65=$P$10,L65=$P$10),"Yes","No") -> Yes | T65: NA
B66: Gender-sensitive venture selection ​ | N66: Proportion of Selection Committee members who received gender bias training (%) | O66: Social impact | P66: =IF(OR(B66=$P$10,C66=$P$10,D66=$P$10,E66=$P$10,F66=$P$10,G66=$P$10,H66=$P$10,I66=$P$10,J66=$P$10,L66=$P$10),"Yes","No") -> Yes | T66: NA
B67: Gender-sensitive program content design | C67: Gender-sensitive program delivery approach | N67: Proportion of program content and materials that integrate a gender perspective (e.g. use of gender-neutral language, avoiding gender stereotypes, including gender-specific topics, etc.) (%) | O67: Social impact | P67: =IF(OR(B67=$P$10,C67=$P$10,D67=$P$10,E67=$P$10,F67=$P$10,G67=$P$10,H67=$P$10,I67=$P$10,J67=$P$10,L67=$P$10),"Yes","No") -> Yes | T67: NA
B68: Gender-sensitive program content design | C68: Gender-sensitive program delivery approach | D68: Gender-balanced program delivery team | N68: Proportion of women among your organization's staff members involved in program delivery (%) | O68: Business performance | P68: =IF(OR(B68=$P$10,C68=$P$10,D68=$P$10,E68=$P$10,F68=$P$10,G68=$P$10,H68=$P$10,I68=$P$10,J68=$P$10,L68=$P$10),"Yes","No") -> Yes | T68: NA
B69: Gender-sensitive program content design | C69: Gender-sensitive program delivery approach | D69: Gender-balanced program delivery team | N69: Proportion of men among your organization's staff members involved in program delivery (%) | O69: Business performance | P69: =IF(OR(B69=$P$10,C69=$P$10,D69=$P$10,E69=$P$10,F69=$P$10,G69=$P$10,H69=$P$10,I69=$P$10,J69=$P$10,L69=$P$10),"Yes","No") -> Yes | T69: NA
B70: Gender-sensitive program content design | C70: Gender-sensitive program delivery approach | D70: Gender-balanced program delivery team | N70: Proportion of women among third-party providers involved in program delivery (%) | O70: Business performance | P70: =IF(OR(B70=$P$10,C70=$P$10,D70=$P$10,E70=$P$10,F70=$P$10,G70=$P$10,H70=$P$10,I70=$P$10,J70=$P$10,L70=$P$10),"Yes","No") -> Yes | T70: NA
B71: Gender-sensitive program content design | C71: Gender-sensitive program delivery approach | D71: Gender-balanced program delivery team | N71: Proportion of men among third-party providers involved in program delivery (%) | O71: Business performance | P71: =IF(OR(B71=$P$10,C71=$P$10,D71=$P$10,E71=$P$10,F71=$P$10,G71=$P$10,H71=$P$10,I71=$P$10,J71=$P$10,L71=$P$10),"Yes","No") -> Yes | T71: NA
B72: Gender-sensitive program content design | C72: Gender-sensitive program delivery approach | N72: Proportion of your organization's staff members involved in program delivery who are trained/ sensitized on how to integrate a gender perspective when delivering the support (%) | O72: Social impact | P72: =IF(OR(B72=$P$10,C72=$P$10,D72=$P$10,E72=$P$10,F72=$P$10,G72=$P$10,H72=$P$10,I72=$P$10,J72=$P$10,L72=$P$10),"Yes","No") -> Yes | T72: NA
B73: Gender-sensitive program content design | C73: Gender-sensitive program delivery approach | N73: Proportion of third-party providers involved in program delivery who are trained/ sensitized on how to integrate a gender perspective when delivering the support (%) | O73: Social impact | P73: =IF(OR(B73=$P$10,C73=$P$10,D73=$P$10,E73=$P$10,F73=$P$10,G73=$P$10,H73=$P$10,I73=$P$10,J73=$P$10,L73=$P$10),"Yes","No") -> Yes | T73: NA
B74: Gender-sensitive program content design | C74: Gender-sensitive program delivery approach | N74: Proportion of your organization's staff members involved in program delivery who offer support with a specific gender focus (e.g. gender-sensitive impact measurement training) (%) | O74: Social impact | P74: =IF(OR(B74=$P$10,C74=$P$10,D74=$P$10,E74=$P$10,F74=$P$10,G74=$P$10,H74=$P$10,I74=$P$10,J74=$P$10,L74=$P$10),"Yes","No") -> Yes | T74: NA
B75: Gender-sensitive program content design | C75: Gender-sensitive program delivery approach | N75: Proportion of third-party providers involved in program delivery who offer support with a specific gender focus (e.g. gender-sensitive impact measurement training) (%) | O75: Social impact | P75: =IF(OR(B75=$P$10,C75=$P$10,D75=$P$10,E75=$P$10,F75=$P$10,G75=$P$10,H75=$P$10,I75=$P$10,J75=$P$10,L75=$P$10),"Yes","No") -> Yes | T75: NA
B76: Gender-sensitive program content design | C76: Gender-sensitive program delivery approach | N76: Proportion of ventures in your program portfolio who received gender-related technical assistance (%) | O76: Business performance | P76: =IF(OR(B76=$P$10,C76=$P$10,D76=$P$10,E76=$P$10,F76=$P$10,G76=$P$10,H76=$P$10,I76=$P$10,J76=$P$10,L76=$P$10),"Yes","No") -> Yes | T76: NA
B77: Gender-sensitive program content design | C77: Gender-sensitive program delivery approach | N77: Proportion of ventures in your program portfolio trained in gender mainstreaming (% of ventures that received at least one gender mainstreaming training) | O77: Social impact | P77: =IF(OR(B77=$P$10,C77=$P$10,D77=$P$10,E77=$P$10,F77=$P$10,G77=$P$10,H77=$P$10,I77=$P$10,J77=$P$10,L77=$P$10),"Yes","No") -> Yes | T77: NA
B78: Gender-sensitive program content design | C78: Gender-sensitive program delivery approach | D78: Gender-balanced program delivery team | E78: Gender-related program target setting and reporting | N78: Gender-disaggregated proportion of program participants who are (very) satisfied with your program - for women-led and men-led ventures (%) | O78: Social impact | P78: =IF(OR(B78=$P$10,C78=$P$10,D78=$P$10,E78=$P$10,F78=$P$10,G78=$P$10,H78=$P$10,I78=$P$10,J78=$P$10,L78=$P$10),"Yes","No") -> Yes | T78: NA
B79: Gender-sensitive program content design | C79: Gender-sensitive program delivery approach | D79: Gender-balanced program delivery team | N79: Proportion of women among program participants who feel (very) empowered by the program (%) | O79: Social impact | P79: =IF(OR(B79=$P$10,C79=$P$10,D79=$P$10,E79=$P$10,F79=$P$10,G79=$P$10,H79=$P$10,I79=$P$10,J79=$P$10,L79=$P$10),"Yes","No") -> Yes | T79: NA
B80: Gender-sensitive program content design | C80: Gender-sensitive program delivery approach | D80: Gender-balanced program delivery team | N80: Proportion of men among program participants who feel (very) empowered by the program (%) | O80: Social impact | P80: =IF(OR(B80=$P$10,C80=$P$10,D80=$P$10,E80=$P$10,F80=$P$10,G80=$P$10,H80=$P$10,I80=$P$10,J80=$P$10,L80=$P$10),"Yes","No") -> Yes | T80: NA
B81: Gender-related program target setting and reporting | N81: Proportion of ventures in your program portfolio who collect and report gender-disaggregated data about their performance and impact (%) | O81: Social impact | P81: =IF(OR(B81=$P$10,C81=$P$10,D81=$P$10,E81=$P$10,F81=$P$10,G81=$P$10,H81=$P$10,I81=$P$10,J81=$P$10,L81=$P$10),"Yes","No") -> Yes | T81: NA
B82: Gender-sensitive program content design | C82: Gender-sensitive program delivery approach | D82: Gender-balanced program delivery team | E82: Gender-related program target setting and reporting | N82: Annual average growth rate in earned revenue of ventures in your program portfolio (total earned revenue of portfolio ventures for this year - total earned revenue of portfolio ventures for last year) / total earned revenue of portfolio ventures for last year) (%). NOTE: Only include in the computation ventures for which you have data for both this year and last year | O82: Business performance | P82: =IF(OR(B82=$P$10,C82=$P$10,D82=$P$10,E82=$P$10,F82=$P$10,G82=$P$10,H82=$P$10,I82=$P$10,J82=$P$10,L82=$P$10),"Yes","No") -> Yes | T82: NA
B83: Gender-inclusive strategic focus/ positioning ​ | C83: Gender-focused fundraising | N83: Amount of total annual investment/ funding raised by your organisation (in USD) | O83: Business performance | P83: =IF(OR(B83=$P$10,C83=$P$10,D83=$P$10,E83=$P$10,F83=$P$10,G83=$P$10,H83=$P$10,I83=$P$10,J83=$P$10,L83=$P$10),"Yes","No") -> Yes | T83: NA
B84: Gender-inclusive strategic focus/ positioning ​ | C84: Gender-focused fundraising | D84: Gender-related target setting and reporting to funders | E84: Gender-sensitive program content design | F84: Gender-balanced promotion and retention | G84: Gender-sensitive venture selection ​ | H84: Gender-sensitive program delivery approach | I84: Gender-balanced program delivery team | J84: Gender-related program target setting and reporting | N84: Amount of annual investment/ funding raised by your organization thanks to/ for your gender work/gender-inclusive positioning (in USD) | O84: Business performance | P84: =IF(OR(B84=$P$10,C84=$P$10,D84=$P$10,E84=$P$10,F84=$P$10,G84=$P$10,H84=$P$10,I84=$P$10,J84=$P$10,L84=$P$10),"Yes","No") -> Yes
N85: Non-standardized metrics (less standardized metrics for which the measurement methodology could be tailored on a case by case basis)
B86: Gender-balanced promotion and retention | C86: Gender-sensitive HR policies and practices | N86: Gender pay gap ratio in your organisation ((average hourly pay for men - average hourly pay for women) / average hourly pay for men*100) | O86: Social impact | P86: =IF(OR(B86=$P$10,C86=$P$10,D86=$P$10,E86=$P$10,F86=$P$10,G86=$P$10,H86=$P$10,I86=$P$10,J86=$P$10,L86=$P$10),"Yes","No") -> Yes | T86: NA
B87: Gender-sensitive HR policies and practices | N87: Proportion of your organisation’s staff rating their work-life balance as (very) good (%) | O87: Social impact | P87: =IF(OR(B87=$P$10,C87=$P$10,D87=$P$10,E87=$P$10,F87=$P$10,G87=$P$10,H87=$P$10,I87=$P$10,J87=$P$10,L87=$P$10),"Yes","No") -> Yes | T87: NA
B88: Gender-related internal target setting and reporting | N88: Presence of annual reports on internal DEI (diversity, equity and inclusion) targets for staff, management and Board of Advisors (or equivalent) (yes/no) | O88: Social impact | P88: =IF(OR(B88=$P$10,C88=$P$10,D88=$P$10,E88=$P$10,F88=$P$10,G88=$P$10,H88=$P$10,I88=$P$10,J88=$P$10,L88=$P$10),"Yes","No") -> Yes | T88: NA
B89: Gender-related target setting and reporting to funders | N89: Presence of annual reports on gender diversity targets set by your organization for your portfolio ventures' teams and leadership, shared with your funders (yes/no) | O89: Social impact | P89: =IF(OR(B89=$P$10,C89=$P$10,D89=$P$10,E89=$P$10,F89=$P$10,G89=$P$10,H89=$P$10,I89=$P$10,J89=$P$10,L89=$P$10),"Yes","No") -> Yes | T89: NA
B90: Gender-related target setting and reporting to funders | N90: Presence of annual reports on gender equity targets set by your organization for your portfolio ventures' end beneficiaries, shared with your funders (yes/no) | O90: Social impact | P90: =IF(OR(B90=$P$10,C90=$P$10,D90=$P$10,E90=$P$10,F90=$P$10,G90=$P$10,H90=$P$10,I90=$P$10,J90=$P$10,L90=$P$10),"Yes","No") -> Yes | T90: NA
N93: Name of Initiative 2 | O93: Find a nice short name that summarizes what you want to achieve with this initiative | Y93: Intermediary report | AF93: Final report
N95: Type of intervention | O95: Select the focus of your intervention from the drop-down list | Y95: Date of report | AF95: Date of report
N96: Area of intervention | O96: Select the area of intervention from the drop-down list (note: if you don't see any option in the drop-down, select a type of intervention first) | Y96: Qualitative update | Z96: Provide a brief summary of the progress, successes and challenges encountered during the implementation of the initiative | AF96: Qualitative update | AG96: Provide a brief summary of the progress, successes and challenges encountered during the implementation of the initiative
N97: Problem | O97: Describe and explain in detail which (gender) problem you aim to solve with your initiative. Put it in the context of your organization. You should also mention why it is an important problem for your organization, how it affects you and what are the probable causes for it. The description of the problem should be tangible, so do not forget to include numbers! | Y97: Impact on the organization | Z97: Briefly describe the organization's journey along their gender mainstreaming journey (e.g., what did they learn, what else do they want to do, how important has gender become to them, etc.), if any. Here we want to understand if the implementation of the initiative changed anything for the team beyond the KPIs measured for the initiative - in terms of mindset, culture, approach, priorities, etc. | AF97: Impact on the organization | AG97: Briefly describe the organization's journey along their gender mainstreaming journey (e.g., what did they learn, what else do they want to do, how important has gender become to them, etc.), if any. Here we want to understand if the implementation of the initiative changed anything for the team beyond the KPIs measured for the initiative - in terms of mindset, culture, approach, priorities, etc.
N98: Objective | O98: Describe what you want to achieve, what is the targeted outcome and impact of your initiative, be it internal or external | Y98: Impact on the target context | Z98: Provide a brief description (qualitative and, if possible, quantitative) of the impact that the activities and intervention carried out have had on the gender equality situation in the target context, if any. Here we want to capture the actual impact the initiative had with the end-users/ clients/ suppliers/ partners, etc. | AF98: Impact on the target context | AG98: Provide a brief description (qualitative and, if possible, quantitative) of the impact that the activities and intervention carried out have had on the gender equality situation in the target context, if any. Here we want to capture the actual impact the initiative had with the end-users/ clients/ suppliers/ partners, etc.
N100: Planned activity | O100: Planned timeline (start - end) | P100: Planned internal resources needed for activity | Q100: Planned internal budget needed for activity | R100: Planned external resources needed for activity | S100: Planned external budget needed for activity | T100: Evidence | Y100: Actual activity | Z100: Real timeline (beginning - end) | AA100: Actual external expenses | AB100: Comments on activities | AC100: Comments on timeline | AD100: Comments on expenditures | AF100: Actual activity | AG100: Real timeline (beginning - end) | AH100: Actual external expenses | AI100: Comments on activities | AJ100: Comments on timeline | AK100: Comments on expenditures
N101: List all essential activities needed to implement proposed intervention. There should be 5-10 detailed activities, and this will guide you through the essential steps of implementation. Remember that the first step of an initiative is often to conduct an initial assessment to understand the underlying causes of the problem, and if needed to collect the missing baseline data. The last step on the action plan is usually a data collection to check the outcome of the initiative | O101: Write starting MM/YY and ending MM/YY | P101: Internal resources refer to resources that your organization has in-house or can purcahse on its own, like employees’ time and expertise | Q101: Monetize the value of the internal resource you need (in USD) | R101: External resources refer to essential goods or services that you would need to purchase or acquire, whose cost you cannot cover internally or you cannot find in-house | S101: Budget the value of the external resource you need (in USD) | T101: This column indicates what type of proof or documentation must be provided to demonstrate the achievement of the activity. | AB101: Explain any deviations from the work plan in terms of activities (different approach, new/deleted activities, etc. | AC101: Explain any deviations from the planned timeline. In case of delays, explain the reason for the delay and clarify the impact on future activities (e.g., the entire schedule is shifted X months, or the delay will be made up, etc.) | AD101: Explain any deviations from budget | AI101: Explain any deviations from the work plan in terms of activities (different approach, new/deleted activities, etc. | AJ101: Explain any deviations from the planned timeline. In case of delays, explain the reason for the delay and clarify the impact on future activities (e.g., the entire schedule is shifted X months, or the delay will be made up, etc.) | AK101: Explain any deviations from budget
N117: TOTAL | Q117: =SUM(Q102:Q116) -> 0 | S117: =SUM(S102:S116) -> 0 | Z117: TOTAL | AA117: =SUM(AA102:AA116) -> 0 | AG117: TOTAL | AH117: =SUM(AH102:AH116) -> 0
N119: KPI | O119: Type of KPI | P119: Relevant for your intervention? | Q119: Measurement methodology | R119: Baseline | S119: Target | T119: Benchmark | U119: Target timeline | V119: Comments | W119: Evidence | Y119: Actual results | Z119: Comments | AA119: % change with respect to baseline | AF119: Actual results | AG119: Comments | AH119: % change with respect to baseline
P120: The tool will automatically suggests relevant KPIs based on the type and area of intervention you selected above, but you can also manually add or remove KPIs based on your specific intervention. | Q120: Clarify how you will measure this KPI. Do you already have data or do you need to gather it (e.g. through a survey/ review)? | R120: Enter the current value of this KPI. Clarify unit and amount. If you don't have this information, write TBD for now and make sure your first activity in your activity plan is about getting the baseline. Remember to update it once you have measured the baseline | S120: What value do you want to achieve for this KPI? The target is an objective for you to work towards. It may take you more or less time to achieve it. Put an ambitious yet realistic one. | T120: These values are based on the average improvement obtained by social ventures. You can can use them as guidance/reference when setting your targeted % improvement. If you see "NA", it means a benchmark is not availabe for this KPI | U120: By when do you plan to reach that target, in MM/YY? | V120: Add any information about what specifically you will measure, especially if a survey, review or interviews are required | W120: This column indicates what type of proof or documentation must be provided to demonstrate the achievement of the KPI.
S121: If you don't know the baseline yet, enter the targeted % improvement for now, and once you have the basline, update it to the actual end value targeted | T121: Note: please, do not modify values in this column
N122: Standardized metrics
B123: Gender-balanced hiring | C123: Gender-balanced promotion and retention | D123: Gender-sensitive HR policies and practices | N123: Proportion of women in your organisation’s staff (%) | O123: Business performance | P123: =IF(OR(B123=$P$96,C123=$P$96,D123=$P$96,E123=$P$96,F123=$P$96,G123=$P$96,H123=$P$96,I123=$P$96,J123=$P$96,L123=$P$96),"Yes","No") -> Yes | T123: 0.42
B124: Gender-balanced hiring | C124: Gender-balanced promotion and retention | D124: Gender-sensitive HR policies and practices | N124: Proportion of men in your organisation’s staff (%) | O124: Business performance | P124: =IF(OR(B124=$P$96,C124=$P$96,D124=$P$96,E124=$P$96,F124=$P$96,G124=$P$96,H124=$P$96,I124=$P$96,J124=$P$96,L124=$P$96),"Yes","No") -> Yes | T124: NA
B125: Gender-balanced hiring | C125: Gender-balanced promotion and retention | N125: Proportion of women in your organisation’s leadership (%) | O125: Business performance | P125: =IF(OR(B125=$P$96,C125=$P$96,D125=$P$96,E125=$P$96,F125=$P$96,G125=$P$96,H125=$P$96,I125=$P$96,J125=$P$96,L125=$P$96),"Yes","No") -> Yes | T125: 0.38
B126: Gender-balanced hiring | C126: Gender-balanced promotion and retention | N126: Proportion of men in your organisation’s leadership (%) | O126: Business performance | P126: =IF(OR(B126=$P$96,C126=$P$96,D126=$P$96,E126=$P$96,F126=$P$96,G126=$P$96,H126=$P$96,I126=$P$96,J126=$P$96,L126=$P$96),"Yes","No") -> Yes | T126: NA
B127: Gender-balanced promotion and retention | N127: Gender-disaggregated staff turnover rate in your organisation (number of women or men employees leaving the organization during the year / number of women or men employees at the beginning of the year) | O127: Business performance | P127: =IF(OR(B127=$P$96,C127=$P$96,D127=$P$96,E127=$P$96,F127=$P$96,G127=$P$96,H127=$P$96,I127=$P$96,J127=$P$96,L127=$P$96),"Yes","No") -> Yes | T127: NA
B128: Gender-balanced promotion and retention | N128: Leadership turnover rate (women and men) in your organisation (number of women or men managers leaving the organization during the year / number of women or men managers at the beginning of that year) | O128: Business performance | P128: =IF(OR(B128=$P$96,C128=$P$96,D128=$P$96,E128=$P$96,F128=$P$96,G128=$P$96,H128=$P$96,I128=$P$96,J128=$P$96,L128=$P$96),"Yes","No") -> Yes | T128: NA
B129: Gender-balanced hiring | C129: Gender-balanced promotion and retention | D129: Gender-sensitive HR policies and practices | N129: Proportion of staff (very) satisfied with work in your organisation (%) | O129: Social impact | P129: =IF(OR(B129=$P$96,C129=$P$96,D129=$P$96,E129=$P$96,F129=$P$96,G129=$P$96,H129=$P$96,I129=$P$96,J129=$P$96,L129=$P$96),"Yes","No") -> Yes | T129: 0.82
B130: Gender-balanced hiring | C130: Gender-balanced promotion and retention | D130: Gender-inclusive pipeline identification ​ | E130: Gender-inclusive pipeline pre-selection ​ | F130: Gender-sensitive due diligence ​ | N130: Proportion of your organisation’s staff trained in gender mainstreaming (% of employees who participated in at least one gender mainstreaming training) | O130: Social impact | P130: =IF(OR(B130=$P$96,C130=$P$96,D130=$P$96,E130=$P$96,F130=$P$96,G130=$P$96,H130=$P$96,I130=$P$96,J130=$P$96,L130=$P$96),"Yes","No") -> Yes | T130: 0.59
B131: Board of Advisors' diversity | N131: Proportion of women on your organisation's Board of Advisors (or equivalent) (%) | O131: Business performance | P131: =IF(OR(B131=$P$96,C131=$P$96,D131=$P$96,E131=$P$96,F131=$P$96,G131=$P$96,H131=$P$96,I131=$P$96,J131=$P$96,L131=$P$96),"Yes","No") -> Yes | T131: NA
B132: Board of Advisors' diversity | N132: Proportion of men on your organisation's Board of Advisors (or equivalent) (%) | O132: Business performance | P132: =IF(OR(B132=$P$96,C132=$P$96,D132=$P$96,E132=$P$96,F132=$P$96,G132=$P$96,H132=$P$96,I132=$P$96,J132=$P$96,L132=$P$96),"Yes","No") -> Yes | T132: NA
B133: Board of Advisors' diversity | N133: Proportion of your organization’s Board of Advisors' (or equivalent) members (very) satisfied with the functioning and effectiveness of the Board (%) | O133: Social impact | P133: =IF(OR(B133=$P$96,C133=$P$96,D133=$P$96,E133=$P$96,F133=$P$96,G133=$P$96,H133=$P$96,I133=$P$96,J133=$P$96,L133=$P$96),"Yes","No") -> Yes | T133: 1
B134: Gender-balanced hiring | C134: Board of Advisors' diversity | N134: Annual growth rate in earned revenue of your organisation ((this year's earned revenue - last year's earned revenue) / last year's earned revenue) | O134: Business performance | P134: =IF(OR(B134=$P$96,C134=$P$96,D134=$P$96,E134=$P$96,F134=$P$96,G134=$P$96,H134=$P$96,I134=$P$96,J134=$P$96,L134=$P$96),"Yes","No") -> Yes | T134: 0.71
B135: Gender-inclusive strategic focus/ positioning ​ | N135: Proportion of ventures in your program portfolio that operate in sectors that benefit women in a disproportionate fashion (e.g. healthcare and care services, education, and consumer services) (%) | O135: Social impact | P135: =IF(OR(B135=$P$96,C135=$P$96,D135=$P$96,E135=$P$96,F135=$P$96,G135=$P$96,H135=$P$96,I135=$P$96,J135=$P$96,L135=$P$96),"Yes","No") -> Yes | T135: 0.81
B136: Gender-inclusive strategic focus/ positioning ​ | C136: Gender-inclusive pipeline identification ​ | D136: Gender-inclusive pipeline pre-selection ​ | E136: Gender-sensitive due diligence ​ | F136: Gender-sensitive venture selection ​ | N136: Proportion of ventures with gender-diverse leadership (i.e. with a minimum of 30% of founders and/or senior managers of each gender) within your program portfolio (%) | O136: Business performance | P136: =IF(OR(B136=$P$96,C136=$P$96,D136=$P$96,E136=$P$96,F136=$P$96,G136=$P$96,H136=$P$96,I136=$P$96,J136=$P$96,L136=$P$96),"Yes","No") -> Yes | T136: 0.4
B137: Gender-inclusive strategic focus/ positioning ​ | N137: Proportion of ventures that promote gender equity among their end beneficiaries (e.g. offering products and services that drive gender equity or enhance the well-being of women/girls) within your program portfolio (%) | O137: Social impact | P137: =IF(OR(B137=$P$96,C137=$P$96,D137=$P$96,E137=$P$96,F137=$P$96,G137=$P$96,H137=$P$96,I137=$P$96,J137=$P$96,L137=$P$96),"Yes","No") -> Yes | T137: NA
B138: Gender-inclusive pipeline identification ​ | N138: Proportion of ventures with gender-diverse leadership (i.e. with a minimum of 30% of founders and/or senior managers of each gender) within your program pipeline (%) | O138: Business performance | P138: =IF(OR(B138=$P$96,C138=$P$96,D138=$P$96,E138=$P$96,F138=$P$96,G138=$P$96,H138=$P$96,I138=$P$96,J138=$P$96,L138=$P$96),"Yes","No") -> Yes | T138: 0.81
B139: Gender-inclusive pipeline pre-selection ​ | N139: Proportion of ventures with gender-diverse leadership (i.e. with a minimum of 30% of founders and/or senior managers of each gender) within your pool of pre-selected ventures (%) | O139: Business performance | P139: =IF(OR(B139=$P$96,C139=$P$96,D139=$P$96,E139=$P$96,F139=$P$96,G139=$P$96,H139=$P$96,I139=$P$96,J139=$P$96,L139=$P$96),"Yes","No") -> Yes | T139: 0.62
B140: Gender-sensitive due diligence ​ | N140: Proportion of ventures with gender-diverse leadership (i.e. with a minimum of 30% of founders and/or senior managers of each gender) among ventures reaching the due diligence stage (%) | O140: Business performance | P140: =IF(OR(B140=$P$96,C140=$P$96,D140=$P$96,E140=$P$96,F140=$P$96,G140=$P$96,H140=$P$96,I140=$P$96,J140=$P$96,L140=$P$96),"Yes","No") -> Yes | T140: 0.43
...
